Cogmind - Beta 16 @@@ ROGUE MODE // 2025.11.15 @ 05:35:10 Player: H3-MLN Result: Destroyed by Enhanced Grunt with Neutron Cannon Performance ------------- Evolutions (9) 4500 Regions Visited (29) 5800 Robots Destroyed (538) 2690 Value Destroyed (33048) 33048 Prototype IDs (365) 7300 Alien Tech Used (8) 1600 Bonus (44181) 44181 TOTAL SCORE: 99119 Bonus ------- High Alert Combat Kills 10837 Follower Combat Kills 4889 Destroyed Unchained 2000 Entered Garrisons 600 Used RIF Installer 1500 Network Hubs Disabled 600 Met Imprinter 300 Met R17 at Cetus 500 Destroyed MAIN.C Guards 500 Met MAIN.C 5000 Destroyed MAIN.C Shell 5000 Destroyed MAIN.C 10000 Met Architect 300 Destroyed A8 300 Destroyed A6 400 Destroyed A5 500 Destroyed A2 1000 Friendly Fire -45 Cogmind --------- Core Integrity 0/1600 Matter 300/300 Energy 99/100 System Corruption 2% Temperature Cool (2) Movement Hovering (80) Location -1/Access_0 Parts ------- > --- POWER (2) -------- (None) > --- PROPULSION (7) --- Combat Antigrav System > --- UTILITY (13) ----- Concept Thermoelectric Network Spectral Analyzer Concept Melee Reflex Suite Mini Quantum Capacitor Experimental Actuator Array Experimental Core Shielding Graphene Brace > --- WEAPON (4) ------- (None) > --- INVENTORY (5) ---- Improved Quantum Reactor Zero-point Reactor Concept Chromion Battery (800) Peak State ------------ > --- POWER ------------ Improved Quantum Reactor Concept Zero-point Core > --- PROPULSION ------- Gravjet Array Gravjet Array Concept Combat Aerolev Unit Concept Combat Aerolev Unit Concept Combat Aerolev Unit > --- UTILITY ---------- Concept Antigrav Storage Unit Concept Melee Reflex Suite Concept Core Analysis Suite Femtoactuators Concept Cloak Mesh Concept Cloak Mesh Concept Core Shell Medium Regenerative Plating Graphene Brace Concept Network Penetrator Supercharged Navigation Harness > --- WEAPON ----------- Concept Deflector Sword Concept Deflector Sword Enhanced Force Lance Experimental Jetlance > --- INVENTORY -------- Concept Zero-point Core Gravjet Array Concept Thermoelectric Network Concept Chromion Battery Experimental Sensor Array Concept Weapon Articulator Concept Core Analysis Suite Mini Quantum Capacitor Femtoactuators Experimental Actuator Array Experimental Actuator Array Experimental Weapon Shielding Experimental EM Shield Relay Coupler [NC] Relay Coupler [NC] Transdimensional Reconstructor Concept Disintegration Ray Enhanced Nova Cannon Concept Plasma Driver Concept Plasma Driver Cooled Directed Potential Cannon Concept Arcsight Missile Launcher [Rating: 301] Favorites ----------- Power Reinforced Quantum Reactor Engine Improved Ion Engine Power Core Concept Zero-point Core Reactor Reinforced Quantum Reactor Propulsion Medium Treads Treads Medium Treads Leg Heavy Armored Exoskeleton Wheel Armored Wheel Hover Unit Antigrav Array Flight Unit Improved Diametric Drive Utility Experimental Core Analyzer Device Experimental Sensor Array Storage High-capacity Storage Unit Processor Experimental Core Analyzer Hackware Relay Coupler [Grunt] Protection Centrium Medium Armor Plating Artifact Phase Armor Weapon Enhanced Nova Cannon Energy Gun Cooled Plasma Rifle Energy Cannon Enhanced Nova Cannon Ballistic Gun Advanced KE Penetrator Ballistic Cannon Enhanced Hardcell Cannon Launcher Grenade Launcher Special Weapon Improved Remote Datajack Impact Weapon Thunder Hammer Slashing Weapon Concept Deflector Sword Piercing Weapon Experimental Jetlance Special Melee Weapon Improved Datajack Build | -11 -10 -10 -9 -9 -7 -6 -6 -6 -5 -5 -5 -5 -4 -4 -4 -4 -4 -4 -4 -4 -4 -3 -3 -2 -2 -2 -1 -1 -1 ------- Run | Yrd Mat Min Mat Min Zio Pro Fac Gar Fac Was Fac Gar Fac Was Fac Gar Fac Ext Cet Arc Hub Res Qua Res Tes Frg Acc Com Ac0 Slots Evolved 18 | . . . 2 . . . 6 . 2 . . . 2 . . . . . . . . 2 . 2 . . 2 . . Power 1 | . . . . . . . . . 1 . . . . . . . . . . . . . . . . . . . . Propulsion 5 | . . . 1 . . . 1 . 1 . . . . . . . . . . . . 1 . 1 . . . . . Utility 10 | . . . 1 . . . 5 . . . . . 2 . . . . . . . . . . . . . 2 . . Weapon 2 | . . . . . . . . . . . . . . . . . . . . . . 1 . 1 . . . . . Parts Attached 553 | 6 7 . 15 . 8 3 47 28 21 11 6 24 4 1 20 22 3 13 10 16 45 43 19 4 17 70 23 48 19 Power 53 | 1 1 . 1 . . . 7 2 2 3 . 2 . . 2 3 . 1 1 2 3 6 4 . 2 4 3 2 1 Engine 13 | 1 1 . 1 . . . 6 . . . . 1 . . 1 . . . . 1 . 1 . . . . . . . Core 7 | . . . . . . . 1 1 2 . . . . . . . . . . . . . . . 1 1 1 . . Reactor 33 | . . . . . . . . 1 . 3 . 1 . . 1 3 . 1 1 1 3 5 4 . 1 3 2 2 1 Propulsion 146 | 2 2 . 5 . . . 11 5 8 3 . 2 1 . 6 4 1 . 1 9 15 16 6 1 2 12 8 19 7 Treads 19 | . 1 . 4 . . . 3 1 . . . . . . . . . . . 4 2 . . . . 1 . 3 . Leg 46 | . . . . . . . 2 4 . 2 . 2 1 . 1 4 1 . 1 . 13 6 . . 1 3 . 5 . Wheel 10 | 2 1 . 1 . . . 6 . . . . . . . . . . . . . . . . . . . . . . Hover 50 | . . . . . . . . . 3 . . . . . . . . . . 5 . . 6 1 1 8 8 11 7 Flight 21 | . . . . . . . . . 5 1 . . . . 5 . . . . . . 10 . . . . . . . Utility 242 | 1 2 . 3 . 3 1 21 17 10 4 3 13 3 1 11 9 1 10 5 4 18 13 6 1 8 38 7 21 8 Device 96 | . 1 . . . 3 . 13 5 1 1 . 2 . . 2 . 1 3 2 2 8 6 2 . 3 22 4 12 3 Storage 18 | 1 1 . 1 . . . 2 . 2 . 1 . . . 1 2 . . . . . 1 1 . 1 3 . 1 . Processor 35 | . . . . . . . 3 1 2 . 1 . 2 . 3 . . 2 1 . 3 3 . . 2 6 1 3 2 Hackware 46 | . . . . . . . 2 8 4 2 . 7 1 1 4 7 . 1 . 1 3 2 . 1 1 . 1 . . Protection 46 | . . . 2 . . 1 1 3 1 1 1 4 . . 1 . . 4 2 1 4 1 2 . 1 7 1 5 3 Artifact 1 | . . . . . . . . . . . . . . . . . . . . . . . 1 . . . . . . Weapon 112 | 2 2 . 6 . 5 2 8 4 1 1 3 7 . . 1 6 1 2 3 1 9 8 3 2 5 16 5 6 3 Energy Gun 13 | 1 . . 2 . . 1 1 1 . . 1 1 . . . . . . 1 . . 1 . . . 3 . . . Energy Cannon 31 | . 2 . 2 . . . 2 1 . . 1 1 . . 1 2 . . . . 7 3 1 1 1 1 3 2 . Ballistic Gun 14 | 1 . . 2 . . 1 1 . . 1 1 . . . . 1 . 1 2 1 1 . . . 1 . . . . Ballistic Cannon 9 | . . . . . . . 2 1 . . . 1 . . . 2 . 1 . . 1 1 . . . . . . . Launcher 7 | . . . . . 1 . 1 . . . . 1 . . . 1 . . . . . 1 1 . . 1 . . . Special Weapon 5 | . . . . . . . . 1 . . . 2 . . . . . . . . . . . . 2 . . . . Impact Weapon 2 | . . . . . 1 . . . . . . . . . . . . . . . . . . . . . 1 . . Slashing Weapon 17 | . . . . . . . 1 . 1 . . . . . . . . . . . . 1 1 . . 6 . 4 3 Piercing Weapon 9 | . . . . . 1 . . . . . . . . . . . 1 . . . . 1 . . 1 5 . . . Special Melee Weapon 5 | . . . . . 2 . . . . . . 1 . . . . . . . . . . . 1 . . 1 . . Unidentified Prototypes 66 | . . . 4 . 1 . 2 . . 2 . . . . . . 3 . 2 1 4 2 9 . 9 19 3 4 1 Corrupted Parts 3 | . . . . . . . . . . . . . . . 2 . . . . 1 . . . . . . . . . System Corruption 20 | . . . . . . . . . . . . . . . 12 . . . . 8 . . . . . . . . . Parts Lost 131 | . 1 . . . . . 13 4 2 . . . . . 3 1 . . 3 2 14 17 . 1 . 9 17 10 34 Power 15 | . 1 . . . . . 1 1 1 . . . . . . . . . . . 2 4 . . . 1 2 1 1 Propulsion 43 | . . . . . . . 5 1 1 . . . . . 1 1 . . 2 1 3 5 . . . 2 6 4 11 Utility 45 | . . . . . . . 5 1 . . . . . . 2 . . . 1 1 4 5 . . . 4 4 4 14 Weapon 28 | . . . . . . . 2 1 . . . . . . . . . . . . 5 3 . 1 . 2 5 1 8 Highest Loss Streak 24 | . 1 . . . . . 7 2 1 . . . . . 2 1 . . 3 1 4 9 . 1 . 3 6 6 24 To Critical Strikes 2 | . . . . . . . . . . . . . . . . . . . 2 . . . . . . . . . . Average Backups 16 | 1 7 10 11 15 14 15 19 19 14 8 12 13 14 13 17 14 17 16 17 18 18 15 15 16 15 21 20 20 16 Power . | . 1 . . . . . . . . . . . . . . . . . . . . . . 1 1 . 1 1 2 Propulsion . | . 2 2 1 1 . . . . . . . . . . . . 2 2 . . . . 1 . . . . 1 2 Utility 9 | . 2 5 4 6 7 10 11 12 11 5 5 6 8 7 7 8 7 7 8 10 10 9 9 9 9 12 11 9 5 Weapon 5 | . 1 2 5 7 6 4 5 4 1 1 5 5 4 5 7 5 7 6 6 7 6 3 2 2 3 5 5 6 4 Tool/Special . | . . . . . . . . . . . . . . . . . . . . . . . . . . . . . . Unused Backups 88 | . 2 1 5 1 5 1 10 4 2 . 2 2 . . 8 3 1 . . 1 2 9 4 1 5 6 3 6 4 Power 6 | . . 1 . . . . . . . . . . . . . . . . . . . . . . . 2 . 1 2 Propulsion 16 | . . . 2 . 1 . 2 . . . 2 . . . 1 . . . . 1 . 3 1 . 1 1 . 1 . Utility 37 | . 2 . 1 . 2 1 2 3 2 . . 1 . . 1 2 1 . . . . 4 2 1 3 2 2 3 2 Weapon 26 | . . . 2 1 2 . 6 1 . . . 1 . . 6 1 . . . . 2 1 . . . 1 1 1 . Tool/Special 3 | . . . . . . . . . . . . . . . . . . . . . . 1 1 . 1 . . . . Average Slot Usage (%) 89 | . 97 100 98 100 100 100 91 93 84 81 79 79 82 83 80 85 89 88 88 92 90 87 91 87 90 81 85 85 78 Engine 2 | . 13 14 11 11 11 11 5 2 . 1 . 3 5 5 4 . . . . . . . 2 . . . . . . Reactor 5 | . . . . . . . . 1 2 6 11 7 5 5 4 6 10 10 10 9 9 6 6 8 6 5 3 7 3 Treads 7 | . 7 14 22 22 22 22 8 2 . . . . . . . . . . . 19 10 . . . . 2 . 1 . Leg 5 | . . . . . . . 1 9 11 6 10 10 10 10 9 6 15 15 15 . 10 9 . . . 5 . 5 . Wheel 2 | . 20 14 11 11 11 11 10 7 . . . . . . . . . . . . . . . . . . . . . Hover 3 | . . . . . . . . . 1 . . . . . . . . . . . . . 9 26 26 6 19 12 15 Flight 1 | . . . . . . . . . 7 4 . . . . 1 13 . . . . . 9 16 . . . . . . Device 11 | . 12 14 10 11 11 11 20 12 8 5 5 3 5 5 10 4 5 5 6 5 11 9 14 10 7 13 25 22 22 Storage 6 | . 14 14 11 11 10 11 7 6 5 5 5 5 5 5 5 5 5 5 5 5 5 4 4 4 4 4 4 4 2 Processor 13 | . . . . . . . 9 11 8 9 8 7 13 15 12 16 15 15 21 21 20 19 23 21 21 16 11 14 14 Hackware 7 | . . . . . . . 3 14 20 19 18 16 21 20 17 21 26 21 10 9 7 10 1 2 4 . 1 . . Protection 5 | . . . 9 11 11 11 7 5 1 3 5 9 5 5 4 . . 4 8 9 4 1 1 3 3 4 1 5 4 Energy Cannon 2 | . 12 14 1 . . 3 3 3 1 . . . 5 5 2 1 5 1 2 4 5 3 . . . . 1 . . Ballistic Gun 3 | . 14 14 20 22 5 11 3 . . 3 4 2 1 . . . . . 4 4 3 2 . . . . . . . Slashing Weapon 2 | . . . . . . . . 1 2 1 . . . . 2 1 1 . . . . 1 3 4 3 5 6 8 9 Piercing Weapon 1 | . . . . . 5 5 . . . . . . . . . . . 1 . . . 2 2 4 4 9 4 1 . Peak Build Rating 301 | 6 10 10 23 23 35 36 79 91 89 108 118 117 121 113 134 141 137 147 151 149 150 165 187 202 222 285 301 286 282 Average Rating 134 | 4 8 9 19 23 24 32 64 75 81 100 109 109 117 112 113 123 132 140 145 142 137 150 169 195 200 247 280 255 238 On Entrance 115 | . 6 10 10 23 23 26 36 72 88 85 108 117 108 116 113 119 137 132 147 147 144 123 150 182 196 206 276 269 282 Avg Prop Armor Cover (%) 9 | . 11 11 14 14 16 15 11 9 6 1 . . . 9 9 2 . . . 17 13 2 1 1 1 9 . 6 . Naked Turns . | . . . . . . . . . . . . . . . . . . . . . . . . . . . . . . Heaviest Build 134 | 11 21 21 39 39 42 44 88 98 98 61 76 90 80 78 134 117 108 129 128 124 122 94 83 84 99 123 98 118 92 Greatest Support 183 | 26 26 10 12 12 12 12 40 93 93 118 118 118 115 115 120 150 150 126 126 164 183 140 86 97 103 152 108 148 109 Greatest Overweight (x) 40 | . 2 2 3 3 3 3 6 3 1 . . . . . 1 1 . 1 1 40 1 1 1 . 1 2 1 3 1 Average Overweight (x) . | . . 2 2 3 2 3 2 1 . . . . . . . . . . . 20 . . . . . . . . . Largest Inventory Capacity 25 | 8 10 10 15 15 15 15 20 20 20 10 15 15 15 15 25 20 20 20 20 20 20 20 20 20 20 25 25 25 25 Average Capacity 18 | 6 8 10 12 15 14 15 19 20 15 10 13 15 15 15 21 16 20 20 20 20 20 18 16 20 20 24 25 25 21 Most Carried 25 | 4 10 10 15 15 15 15 20 20 20 10 15 15 15 15 25 20 20 20 20 20 20 20 20 20 20 25 25 25 25 Average Carried 18 | 2 7 9 11 14 14 14 19 19 14 9 13 14 15 14 18 15 19 19 19 19 19 17 16 19 19 23 23 23 19 Final Capacity 25 | 8 10 10 15 15 15 15 20 20 10 10 15 15 15 15 15 20 20 20 20 20 20 15 20 20 20 25 25 25 5 Final Carried 25 | 4 10 10 15 15 15 15 20 20 10 10 15 15 15 15 15 20 20 20 20 20 19 15 20 20 20 24 25 25 3 Class Distribution -------------------- 21% | Scavenger-Mutant 21% | Mutant 18% | Bothacker-Mutant 13% | Scavenger-Gladiator 7% | Scavenger-Scout 3% | Scavenger-Gunner Dominant Class ---------------- Mutant | -10/Materials Mutant | -10/Mines Mutant | -9/Materials Mutant | -9/Mines Mutant | -7/Zion Mutant | -6/Proximity Caves Mutant | -6/Factory Bothacker-Mutant | -6/Garrison Bothacker-Mutant | -5/Factory Bothacker-Mutant | -5/Waste Bothacker-Mutant | -5/Factory Bothacker-Mutant | -5/Garrison Bothacker-Mutant | -4/Factory Bothacker-Mutant | -4/Waste Bothacker-Mutant | -4/Factory Bothacker-Skirmisher | -4/Garrison Bothacker-Skirmisher | -4/Factory Commander-Skirmisher | -4/Extension Scavenger-Mutant | -4/Cetus Scavenger-Mutant | -4/Archives Scavenger-Mutant | -4/Hub_04(d) Scavenger-Gunner | -3/Research Scavenger-Scout | -3/Quarantine Scavenger-Scout | -2/Research Scavenger-Scout | -2/Testing Scavenger-Gladiator | -2/Protoforge Gladiator | -1/Access Scavenger-Gladiator | -1/Command Scavenger-Gladiator | -1/Access_0 Resources | -11 -10 -10 -9 -9 -7 -6 -6 -6 -5 -5 -5 -5 -4 -4 -4 -4 -4 -4 -4 -4 -4 -3 -3 -2 -2 -2 -1 -1 -1 ----------- Run | Yrd Mat Min Mat Min Zio Pro Fac Gar Fac Was Fac Gar Fac Was Fac Gar Fac Ext Cet Arc Hub Res Qua Res Tes Frg Acc Com Ac0 Matter Collected 21415 | 220 462 3 499 54 130 128 1650 1214 409 187 350 1171 196 . 1075 1367 578 1514 385 396 1220 1506 592 125 452 3336 495 1421 280 Remotely 10 | . . . . . . . . . . . . . . . . . . . . . . . . . . 10 . . . Salvage Created 31235 | . 477 . 708 196 . 173 2454 1205 490 . 392 922 394 . 608 843 270 899 448 700 4215 2006 863 584 693 4336 2144 4372 843 Parts 1442 | . 36 . 48 11 . 7 110 45 22 . 19 43 17 . 31 14 17 27 20 42 192 97 35 29 41 224 117 163 35 Haulers Intercepted 23 | . 1 . 3 . . . 2 . . . 2 . . . 1 . . . . . 3 3 2 4 1 . 1 . . Recyclers Shooed 6 | . . . . . . . 2 . 1 . . . . . . . 1 1 . . . 1 . . . . . . . Parts Field Recycled . | . . . . . . . . . . . . . . . . . . . . . . . . . . . . . . Retrieved Matter . | . . . . . . . . . . . . . . . . . . . . . . . . . . . . . . Parts Self-Destructed 6 | . . . . . . 6 . . . . . . . . . . . . . . . . . . . . . . . Prevented . | . . . . . . . . . . . . . . . . . . . . . . . . . . . . . . Parts Restored 10 | . . . . . . . . . . . . . . . . . . . . . . . . . . 10 . . . Faulty 10 | . . . . . . . . . . . . . . . . . . . . . . . . . . 10 . . . Kills | -11 -10 -10 -9 -9 -7 -6 -6 -6 -5 -5 -5 -5 -4 -4 -4 -4 -4 -4 -4 -4 -4 -3 -3 -2 -2 -2 -1 -1 -1 ------- Run | Yrd Mat Min Mat Min Zio Pro Fac Gar Fac Was Fac Gar Fac Was Fac Gar Fac Ext Cet Arc Hub Res Qua Res Tes Frg Acc Com Ac0 Combat Hostiles Destroyed 394 | . 8 . 10 2 . 3 34 28 6 . 2 20 6 . 9 16 . 10 6 4 60 26 3 2 10 63 28 24 14 Melee 124 | . . . . . . . 3 2 4 . . . . . . . . . . . . 5 3 2 1 57 26 15 6 Guns 54 | . 2 . 8 2 . 2 8 1 . . 2 6 . . . 1 . 1 3 1 11 4 . . . 1 . . 1 Cannons 107 | . 6 . 2 . . 1 19 15 2 . . 6 4 . 1 1 . 5 2 3 33 5 . . . . . 1 1 AOE 81 | . . . . . . . 4 10 . . . 7 1 . 3 14 . 4 . . 11 10 . . 9 2 1 4 1 Classes Destroyed 28 | . 6 . 3 1 . 2 2 1 . . . 3 . . 1 . . 1 . . 2 . 1 . . 5 . . . Worker 24 | . 1 . 2 2 . . 8 . 1 . . . . . . . 2 . . . 1 1 2 1 2 . 1 . . Builder 19 | . 4 . 1 1 . . 3 . . . 1 . . . 1 . 3 . . . 1 2 . . . . 2 . . Tunneler 1 | . . . . . . . . . . . . . . . . . . . . . 1 . . . . . . . . Hauler 23 | . 1 . 3 . . . 2 . . . 2 . . . 1 . . . . . 3 3 2 4 1 . 1 . . Recycler 11 | . . . . 1 . . 4 . 1 . . . . . . . 1 2 . . . 1 1 . . . . . . Mechanic 2 | . . . . . . . 1 . . . . . . . . . . . . . . 1 . . . . . . . Operator 22 | . . . 1 . . . 1 . 1 . . . 1 . . . . . . 9 2 . 2 1 . 2 2 . . Drone 10 | . . . . . . . . . . . . . . . . . . . . . . . . . . 4 6 . . Watcher 26 | . 2 . 1 . . . 3 1 . . . . . . . . . . 1 . 5 1 2 . 1 . 6 3 . Swarmer 65 | . 3 . 1 2 . . 6 5 1 . . 6 . . 4 5 . 5 . . 5 8 . . 9 . 1 4 . Cutter 10 | . . . . . . . . . . . . 1 . . . . . . . . 4 2 . . . . 3 . . Saboteur 3 | . . . . . . . . . . . . . . . . . . . . . . . . . . 3 . . . Grunt 108 | . 5 . 4 . . . 15 11 . . . 7 3 . 1 10 . 2 . . 23 11 . . . 8 4 4 . Brawler 7 | . . . . . . . . . . . . 1 . . . . . 1 . . . . . . . 5 . . . Duelist 7 | . . . 1 . . . 1 1 . . . 1 . . . . . . . . . 1 . . . 2 . . . Protector 2 | . . . . . . . . . . . . . . . 1 . . . . . . . . . . 1 . . . Researcher 9 | . . . . . . . . . . . . . . . . . . . . . . . 2 . 4 3 . . . Sentry 50 | . . . 4 . . 1 3 5 1 . 2 3 2 . . . . 1 . 4 9 1 . . . 12 . 2 . Demolisher 1 | . . . . . . . . 1 . . . . . . . . . . . . . . . . . . . . . Specialist 3 | . . . . . . . . . . . . 1 . . . . . . . . 2 . . . . . . . . Hunter 32 | . . . . . . . 2 4 2 . . 1 1 . 3 . . 1 . . 8 . 2 1 . 3 2 2 . Programmer 50 | . . . . . . 1 6 1 2 . . . . . 1 2 . . . . 6 2 . 1 1 11 10 6 . Heavy 4 | . . . . . . . . . . . . . . . . . . . . . 2 1 . . . . 1 . . Behemoth 2 | . . . . . . 1 1 . . . . . . . . . . . . . . . . . . . . . . Cetus Guard 6 | . . . . . . . . . . . . . . . . . . . 6 . . . . . . . . . . M Guard 2 | . . . . . . . . . . . . . . . . . . . . . . . . . . . . 2 . Enhanced Grunt 4 | . . . . . . . . . . . . . . . . . . . . . . . . . . . . . 4 Enhanced Hunter 6 | . . . . . . . . . . . . . . . . . . . . . . . . . . . . . 6 Lightning 1 | . . . . . . . . . . . . . . . . . . . . . 1 . . . . . . . . Hotshot 1 | . . . . . . . . . . . . . . . . . . . . . . . . . . 1 . . . Decapitator 6 | . . . . . . . . . . . . . . . . . . . . . . . . . . 6 . . . Immortal 2 | . . . . . . . . . . . . . . . . . . . . . . . . . . 2 . . . Combat Programmer 2 | . . . . . . . . . . . . . . . . . . . . . . . . . . . . 2 . Executioner 1 | . . . . . . . . . . . . . . . . . . 1 . . . . . . . . . . . Alpha 7 2 | . . . . . . . . . . . . . . . . . . . . . . . . . . 2 . . . V-Series 3 | . . . . . . . . . . . . . . . . . . . . . . . . . . 3 . . . Tinkerer 1 | . . . . . . . . . . . . . . . . . . . . . . . . . . 1 . . . Thug 1 | . . . . . . . . . . . . . . . . . . 1 . . . . . . . . . . . Savage 1 | . . . . . . . . . . . . . . . . . . 1 . . . . . . . . . . . Guerrilla 1 | . . . . . . . . . . . . . . . . . . 1 . . . . . . . . . . . Best Kill Streak 18 | . 3 . 3 2 . 1 8 11 3 . 2 8 2 . 4 8 5 5 3 5 18 6 2 2 9 6 6 8 3 Combat Bots Only 11 | . 3 . 2 2 . 1 4 10 2 . 1 8 2 . 5 8 . 5 3 1 11 6 2 1 5 5 6 7 3 Max Kills in Single Turn 5 | . 2 . 1 2 . 1 3 3 1 . 1 3 1 . 3 2 1 3 1 1 3 4 1 1 5 2 2 5 1 Gunslinging 1 | . . . . 1 . . . . . . . 1 . . . . . . . . . . . . . . . . . Exploded 4 | . . . . . . . 2 3 . . . 3 1 . 3 2 . 3 . . 3 4 . . 4 1 1 4 1 Melee 2 | . . . . . . . 1 1 1 . . . . . . . . . . . . 1 1 1 1 2 1 1 1 Uniques/NPCs Destroyed 8 | . . . . . . . . . . . . . . . . . . . . . . . 1 . . . 1 2 4 6S-H0T (-3/Quarantine) QV-33N (-1/Access) MAIN.C Shell (-1/Command) MAIN.C (-1/Command) A8 (-1/Access_0) A6 (-1/Access_0) A2 (-1/Access_0) A5 (-1/Access_0) Combat | -11 -10 -10 -9 -9 -7 -6 -6 -6 -5 -5 -5 -5 -4 -4 -4 -4 -4 -4 -4 -4 -4 -3 -3 -2 -2 -2 -1 -1 -1 -------- Run | Yrd Mat Min Mat Min Zio Pro Fac Gar Fac Was Fac Gar Fac Was Fac Gar Fac Ext Cet Arc Hub Res Qua Res Tes Frg Acc Com Ac0 Hostile Shots Fired 2765 | . 36 . 60 . . 73 218 172 15 . 4 83 40 . 114 33 . 65 56 23 442 184 46 10 6 365 224 113 383 Missed 965 | . 9 . 18 . . 32 63 72 6 . 1 22 15 . 39 12 . 24 9 4 137 55 16 6 1 147 75 41 161 Deflected 28 | . . . . . . . . . . . . . . . 4 . . . . . . . . . . 11 2 1 10 Hits 1800 | . 27 . 42 . . 41 155 100 9 . 3 61 25 . 75 21 . 41 47 19 305 129 30 4 5 218 149 72 222 Melee 75 | . . . . . . . 3 . . . . 4 . . 4 1 . . . . 1 20 . . . 35 5 . 2 Projectile 1725 | . 27 . 42 . . 41 152 100 9 . 3 57 25 . 71 20 . 41 47 19 304 109 30 4 5 183 144 72 220 AOE 11 | . . . . . . . 1 2 . . . . . . . . . . . . . 1 . . . . 7 . . Critical Strikes 136 | . . . 1 . . . 8 1 . . . 3 2 . 2 3 . 3 13 . 13 16 2 . . 23 19 2 25 Actively Blocked 71 | . . . . . . . . . . . . . . . . . . . . . 2 14 1 . . 12 17 . 25 Part Disruptions 8 | . . . . . . . . . . . . . . . . . . . . . . 1 1 . . . . 6 . Actively Blocked 3 | . . . . . . . . . . . . . . . . . . . . . . . 1 . . . . 2 . Damage Taken 41797 | . 291 . 562 8 . 448 2790 1321 225 . 77 1482 607 . 1129 581 99 1035 1198 508 6601 3342 524 75 216 5860 4281 2243 6294 Core 4334 | . 69 . 65 . . 59 278 139 85 . . 112 40 . 101 88 . 128 76 27 396 492 . . 25 603 714 33 804 Absorbed by Shields 392 | . . . . . . 144 131 110 . . . . . . . 7 . . . . . . . . . . . . . Reduced by Siege Mode 246 | . . . . . . . . . . . . . . . . . . . . . 246 . . . . . . . . Redirected to Shielding 839 | . . . . . . . . 25 . . . . . . . . . . . . . . 64 . 22 170 72 217 269 Ignored by Resistances 1614 | . . . . . . . . . . . . . . . . . . . . . . . . . . 474 488 295 357 Regen/Repaired (Parts) 3638 | . . . 34 . 281 . 274 . . 57 808 210 . . . . . . . . . . 234 293 8 1238 173 . 28 Core Remaining (%) 64 | 100 . 72 . . . 69 . 50 . . . 80 . . . . . . . . 25 . 62 . . 54 . . . Volleys Fired 1366 | . 50 . 57 9 . 16 158 96 29 4 28 83 46 7 49 95 9 106 34 37 225 90 . 1 11 56 16 22 32 Largest 3 | . 2 . 2 2 . 2 2 2 2 1 2 2 2 1 1 2 1 2 2 2 2 3 . 1 1 2 1 1 1 Hottest 300 | . 80 . 88 46 . 91 134 170 146 40 75 65 148 7 113 178 120 178 178 155 155 175 . 120 120 300 120 140 140 Shots Fired 1928 | . 100 . 114 18 . 31 272 144 34 4 40 112 51 7 49 112 9 136 62 73 282 132 . 1 11 62 18 22 32 Gun 668 | . 52 . 103 18 . 16 77 11 . 4 25 70 5 . 4 33 . 21 39 37 78 40 . . . 19 . 6 10 Cannon 915 | . 48 . 11 . . 15 192 103 16 . . 30 31 . 26 30 2 50 23 36 195 39 . 1 1 16 16 15 19 Launcher 69 | . . . . . . . 3 8 . . . 4 . . 2 16 . 2 . . 9 12 . . 3 4 2 1 3 Special 276 | . . . . . . . . 22 18 . 15 8 15 7 17 33 7 63 . . . 41 . . 7 23 . . . Kinetic 769 | . 50 . 103 18 . 16 127 55 5 4 19 59 5 . 4 35 . 53 48 37 91 40 . . . . . . . Thermal 735 | . 50 . 11 . . 15 142 59 11 . 6 41 31 . 8 28 2 18 14 36 167 28 . 1 1 16 16 15 19 Explosive 69 | . . . . . . . 3 8 . . . 4 . . 2 16 . 2 . . 9 12 . . 3 4 2 1 3 Electromagnetic 58 | . . . . . . . . . . . . . . . 18 . . . . . 15 11 . . . 14 . . . Entropic 21 | . . . . . . . . . . . . . . . . . . . . . . . . . . 5 . 6 10 Robot Hit Streak 43 | . 18 . 16 4 . 12 20 10 10 2 7 15 15 4 10 28 8 19 22 14 29 13 . . 19 43 12 20 9 Robot Miss Streak 4 | . 3 . 2 3 . 2 3 2 2 2 1 3 2 1 3 4 1 3 4 3 4 3 . . . 1 . . 2 Penetration Max 1 | . . . . . . . 1 1 . . 1 1 . . . . . 1 1 1 1 1 . . . . . . . Secondary Targets 6 | . . . . 1 . . . . . . . 2 . . . . . . 1 . 2 . . . . . . . . Max Gunslinging Chain 1 | . . . . 1 . . . . . . . 1 . . . . . . 1 . 1 . . . . . . . . Capacitor 187 | . . . . . . . . . . . . . . . . . . . . . 132 . . . . 9 . 17 29 Shots Hit Robots 1908 | . 60 . 89 9 1 24 165 93 33 2 26 70 37 6 42 67 19 95 46 46 186 115 23 16 15 240 119 127 137 Core Hits 935 | . 23 . 26 6 . 9 87 52 7 . 8 28 13 . 16 50 5 36 20 27 132 60 11 7 18 106 60 65 63 Critical Kills 46 | . . . . . . . . 7 1 . 4 2 1 . . 2 . . 3 2 11 2 . . . 2 . 4 5 Critical Parts Destroyed 39 | . . . . . . . 1 11 . . 2 2 . . . 4 . 1 2 3 10 2 . . . . 1 . . Critical Strikes 255 | . . . . . . . 6 22 1 1 7 10 1 . . 6 . 3 5 5 21 7 2 . . 59 43 40 16 Burn 3 | . . . . . . . . . . . 1 2 . . . . . . . . . . . . . . . . . Meltdown 17 | . . . . . . . . . . . . . 1 . . . . . 1 . 3 1 . . . 2 . 4 5 Destroy 70 | . . . . . . . 1 20 1 1 6 4 . . . 6 . 1 4 5 18 3 . . . . . . . Blast 11 | . . . . . . . 4 1 . . . 4 . . . . . 2 . . . . . . . . . . . Smash 1 | . . . . . . . . . . . . . . . . . . . . . . . . . . . 1 . . Sever 44 | . . . . . . . 1 1 . . . . . . . . . . . . . . 2 . . 20 3 6 11 Impale 109 | . . . . . . . . . . . . . . . . . . . . . . 3 . . . 37 39 30 . Melee Attacks 1115 | . . . . . 2 3 16 29 12 . 1 31 . . 13 34 12 2 . . . 51 53 24 24 332 204 144 128 Impact 9 | . . . . . 1 . . . . . . . . . . . . . . . . . . . . . 8 . . Slashing 673 | . . . . . . . 16 29 12 . 1 25 . . 6 34 12 . . . . 13 43 17 20 183 52 82 128 Piercing 415 | . . . . . . 3 . . . . . . . . . . . 2 . . . 38 10 3 4 149 144 62 . Sneak Attacks 90 | . . . . . 1 . 3 2 9 . . 1 . . 3 1 8 2 . . . 10 10 7 7 17 8 1 . Combat Hostiles 12 | . . . . . . . . . 2 . . . . . 1 . . . . . . . 3 . . 1 4 1 . Follow-up Attacks 177 | . . . . . . . . . . . . . . . . . . . . . . 4 3 1 . 73 19 28 49 Martial Strikes 86 | . . . . . . . . . . . . . . . . . . . . . . . . . . 36 38 8 4 Damage Inflicted 87523 | . 923 . 1456 135 . 491 5931 3353 1102 16 221 2373 934 . 1229 4165 846 3239 1708 1722 8768 5144 2770 1661 2363 13595 6005 9608 7765 Guns 10047 | . 361 . 1263 135 . 204 1135 224 . 16 221 676 19 . 24 151 . 320 924 659 1747 882 . . . 458 . 298 330 Cannons 19436 | . 562 . 193 . . 287 3742 1439 327 . . 808 915 . 547 507 83 1397 784 1063 4481 713 . . . 372 89 106 1021 Explosions 16083 | . . . . . . . 601 1145 . . . 889 . . 485 3335 . 1263 . . 2482 1679 . . 854 1194 446 784 926 Melee 41781 | . . . . . . . 453 545 775 . . . . . 155 172 763 159 . . . 1870 2770 1661 1509 11571 5470 8420 5488 Ramming 176 | . . . . . . . . . . . . . . . 18 . . 100 . . 58 . . . . . . . . Kinetic 12421 | . 340 . 1263 135 . 204 2338 704 44 16 104 995 19 . 24 193 . 1324 1331 659 1846 882 . . . . . . . Thermal 16710 | . 583 . 193 . . 287 2539 959 283 . 117 489 915 . 129 465 83 1339 377 1063 4020 479 . . . 887 89 106 1308 Explosive 13599 | . . . . . . . 601 1145 . . . 889 . . 432 3335 . 317 . . 1799 1679 . . 854 679 446 784 639 Electromagnetic 2016 | . . . . . . . . . . . . . . . 471 . . . . . 1045 234 . . . 266 . . . Impact 90 | . . . . . . . . . . . . . . . . . . . . . . . . . . . 90 . . Slashing 27052 | . . . . . . . 453 545 775 . . . . . 155 172 763 . . . . 346 2644 1500 1509 7209 1284 4209 5488 Piercing 14639 | . . . . . . . . . . . . . . . . . . 159 . . . 1524 126 161 . 4362 4096 4211 . Entropic 820 | . . . . . . . . . . . . . . . . . . . . . . . . . . 192 . 298 330 Highest Corruption 22 | . . . . . . 1 3 3 1 1 1 1 . . 13 14 14 14 4 8 . 1 1 . . 22 8 8 2 Average Corruption 4 | . . . . . . 1 1 3 1 1 1 1 . . 3 13 14 9 4 4 . 1 1 . . 9 4 5 1 Corruption Purged 37 | . . . . . . . . . . . . . . . . . . 10 . 12 . . 1 . . . . 14 . Corruption Blocked 52 | . . . . . . . . . . 5 . . . 13 . . . . . . 7 7 2 2 9 7 . . . Effects 378 | . . . . . . 3 18 33 2 2 10 11 . . 25 64 16 52 12 6 . 12 6 . . 67 22 16 1 Message Errors 80 | . . . . . . 2 1 4 . . 4 1 . . 7 14 3 11 1 1 . 2 1 . . 17 6 4 1 Matter Fused 96 | . . . . . . . 6 7 . 1 2 5 . . 3 14 7 17 3 2 . 5 2 . . 15 4 3 . Heat Flow Errors 43 | . . . . . . 1 2 4 . . . 2 . . 4 11 . 4 . . . . 2 . . 7 4 2 . Energy Discharges 54 | . . . . . . . 5 7 . . 4 1 . . 3 9 4 5 4 1 . 2 1 . . 7 1 . . Parts Rejected 9 | . . . . . . . . . . . . 1 . . 1 . . 1 . 1 . 1 . . . 2 1 1 . Parts Fused 4 | . . . . . . . . 1 . . . . . . . . 1 . . . . . . . . . 1 1 . Data Loss (minor) 49 | . . . . . . . 3 2 1 1 . . . . 4 10 . 8 2 1 . 2 . . . 11 1 3 . Data Loss (major) 17 | . . . . . . . . 3 1 . . . . . 2 2 . 1 1 . . . . . . 4 1 2 . Misfires 11 | . . . . . . . 1 2 . . . 1 . . . 1 . 3 1 . . . . . . . 2 . . Alerts 6 | . . . . . . . . 3 . . . . . . 1 . . . . . . . . . . 1 1 . . Misdirections 3 | . . . . . . . . . . . . . . . . . 1 . . . . . . . . 2 . . . Weapon Failures 6 | . . . . . . . . . . . . . . . . 3 . 2 . . . . . . . 1 . . . Overload Shots . | . . . . . . . . . . . . . . . . . . . . . . . . . . . . . . Overflow Damage 5561 | . . . . . . . 212 17 153 . . 123 19 . . 103 86 64 . 96 307 280 527 237 217 910 1007 1126 77 Projectiles 360 | . . . . . . . 90 . 4 . . 30 19 . . . . 11 . 96 27 . . . . 37 . . 46 Explosions 665 | . . . . . . . . 9 . . . 93 . . . 103 . 29 . . 273 53 . . 2 36 . 62 5 Melee 4536 | . . . . . . . 122 8 149 . . . . . . . 86 24 . . 7 227 527 237 215 837 1007 1064 26 Knockbacks 26 | . . . . . . . 13 7 . . . 1 . . . . . 3 . . 1 . . . . . 1 . . Impact 3 | . . . . . . . . . . . . . . . . . . 1 . . 1 . . . . . 1 . . Kinetic 21 | . . . . . . . 11 7 . . . 1 . . . . . 2 . . . . . . . . . . . Secondary 2 | . . . . . . . 2 . . . . . . . . . . . . . . . . . . . . . . Self-Inflicted Damage 500 | . . . . . . . . . . . . . . . 79 . . 84 . . 243 . . . . 94 . . . Shots 8 | . . . . . . . . . . . . . . . 1 . . 1 . . 5 . . . . 1 . . . Rammed 3 | . . . . . . . . . . . . . . . . . . . . . 3 . . . . . . . . Targets Rammed 8 | . . . . . . . . . . . . . . . 1 . . 2 . . 5 . . . . . . . . Kicked 4 | . . . . . . . . . . . . . . . 1 . . 2 . . 1 . . . . . . . . Crushed 1 | . . . . . . . . . . . . . . . . . . . . . 1 . . . . . . . . Highest Temperature 434 | . 81 . 19 . . 300 434 251 . 24 60 123 272 . 247 313 168 295 48 6 377 66 202 100 316 298 269 212 203 Average Temperature 69 | . 42 . 7 . . 130 67 74 . 13 20 41 74 . 73 95 87 91 12 3 82 10 102 31 70 99 87 70 111 Received Heat Transfer 5134 | . 105 . 234 . . 101 1048 288 27 . 27 213 189 . 27 141 . 106 . 63 1013 397 . . 9 522 273 108 243 Thermoelectric Energy+ 92 | . . . . . . . . . . . . . . . . . . . . . . . . . . . . . 92 Effects 5 | . . . . . . . . . . . . . . . . 3 . . . . 2 . . . . . . . . Interference 5 | . . . . . . . . . . . . . . . . 3 . . . . 2 . . . . . . . . Siege Activations 3 | . . . . . . . . . . . . . . . . . . . . . 3 . . . . . . . . Total Turns 73 | . . . . . . . . . . . . . . . . . . . . . 73 . . . . . . . . Longest Duration 47 | . . . . . . . . . . . . . . . . . . . . . 47 . . . . . . . . Martial Activations . | . . . . . . . . . . . . . . . . . . . . . . . . . . . . . . Shielding Activations 3 | . . . . . . . . . . . . . . . 1 . . 1 1 . . . . . . . . . . Total Turns 47 | . . . . . . . . . . . . . . . 22 . . 5 20 . . . . . . . . . . Longest Duration 22 | . . . . . . . . . . . . . . . 22 . . 5 20 . . . . . . . . . . Robots Disrupted . | . . . . . . . . . . . . . . . . . . . . . . . . . . . . . . Combat Hostiles . | . . . . . . . . . . . . . . . . . . . . . . . . . . . . . . Robots Corrupted 11 | . . . . . . . . . . . . . . . 4 . . 1 . . 2 2 . . . 1 1 . . Combat Hostiles 8 | . . . . . . . . . . . . . . . 4 . . . . . 1 1 . . . 1 1 . . Parts Fried 32 | . . . . . . . . . . . . . . . 11 . . 3 . . 5 6 . 2 . 4 1 . . Impact Corruptions 4 | . . . . . . . . . . . . . . . . . . 1 . . 1 . . . . . 2 . . Robots Melted 19 | . . . . . . . . . . . . 1 1 . . . . . 1 . 4 1 . . . 2 . 4 5 Combat Hostiles 19 | . . . . . . . . . . . . 1 1 . . . . . 1 . 4 1 . . . 2 . 4 5 Parts Melted 55 | . 2 . . . . 2 4 3 3 . 1 2 4 . . . . . 1 2 16 4 . . . 2 1 1 7 Heat Transferred 20078 | . 1234 . 333 . . 481 3281 1625 400 . 350 1123 851 . 99 407 74 983 333 925 5642 725 . . . 630 6 50 526 Parts Sabotaged 1 | . . . . . . . . . . . . . . . . . . . . . . . . . . 1 . . . Parts Stolen . | . . . . . . . . . . . . . . . . . . . . . . . . . . . . . . Parts Stripped . | . . . . . . . . . . . . . . . . . . . . . . . . . . . . . . Power Chain Reactions 1 | . . . . . . . . . . . . . . . 1 . . . . . . . . . . . . . . Alert | -11 -10 -10 -9 -9 -7 -6 -6 -6 -5 -5 -5 -5 -4 -4 -4 -4 -4 -4 -4 -4 -4 -3 -3 -2 -2 -2 -1 -1 -1 ------- Run | Yrd Mat Min Mat Min Zio Pro Fac Gar Fac Was Fac Gar Fac Was Fac Gar Fac Ext Cet Arc Hub Res Qua Res Tes Frg Acc Com Ac0 Maximum Alert Level 5 | . . . . . . . 2 3 2 . 2 5 4 2 1 4 3 4 3 2 5 4 3 1 2 5 4 4 . Low Security (%) 37 | 100 100 100 100 100 . . 66 . 87 100 70 . . . 29 3 . . . 86 22 . . 67 54 . . . . Level 1 12 | . . . . . . . 31 15 . . 10 5 . . 70 8 . . . 12 23 . 47 32 25 9 . . . Level 2 7 | . . . . . . . 2 35 12 . 19 7 . 100 . 16 . 2 . 1 29 . 23 . 19 5 . . . Level 3 19 | . . . . . . . . 49 . . . 4 . . . 52 100 68 100 . 7 79 29 . . 40 26 8 . Level 4 18 | . . . . . . . . . . . . 12 100 . . 19 . 28 . . 15 20 . . . 31 73 91 . Level 5 4 | . . . . . . . . . . . . 70 . . . . . . . . 1 . . . . 13 . . . High Security . | . . . . . . . . . . . . . . . . . . . . . . . . . . . . . . Max Security . | . . . . . . . . . . . . . . . . . . . . . . . . . . . . . . Peak Influence 2668 | . 103 . 146 84 . . 420 1040 515 61 486 2668 1423 498 357 1483 882 1404 863 423 1794 1592 922 328 541 1924 1338 1225 . Initial 1400 | . . . . . . . . 292 513 61 . 327 1400 498 285 153 778 424 759 320 . 936 895 240 84 270 1154 800 . Average 556 | . 37 . 50 11 . . 141 690 166 9 155 1891 1320 455 236 890 782 1014 811 55 549 1025 532 167 219 1061 1138 1071 . Influence Increases 23439 | . 300 . 570 108 . 86 1242 1216 340 . 1094 2451 523 . 608 1360 248 1872 269 232 2769 1610 386 370 707 2520 1176 977 405 Destroy 0b10 Robot/C 9840 | . 160 . 320 60 . 60 680 600 160 . 400 860 240 . 400 420 40 680 160 80 1200 600 80 60 280 1400 420 480 . Destroy 0b10 Robot/NC 855 | . 40 . 55 20 . . 110 10 15 . 25 . 20 . 20 20 40 25 10 45 65 60 45 35 20 40 60 75 . Destroy Leader 1584 | . 46 . 90 10 . 20 190 20 40 . 86 40 42 . 52 30 24 94 . . 276 112 18 18 24 170 104 78 . Allied During Kill 2734 | . . . 52 18 . 6 . 11 18 . 506 830 51 . 50 103 104 704 14 4 . 76 . 16 33 138 . . . Trap Triggered on 0b10 100 | . . . . . . . . . . . . . . . . . . . . . . . 90 . . . 10 . . Successful Hack 1158 | . 50 . 52 . . . 49 26 26 . 65 14 28 . 16 . . 28 . . 21 226 41 113 59 89 153 102 . Select Force Hacks 100 | . . . . . . . . . . . . . . . . . . . . . 50 30 . 20 . . . . . Disable Machine 1500 | . . . . . . . 75 60 30 . . 30 30 . . 30 30 105 45 75 345 15 75 . 120 285 30 30 90 Anti-Garrison Action 1200 | . . . . . . . . 350 . . . 450 . . . 400 . . . . . . . . . . . . . Destroy Structure 3303 | . 4 . 1 . . . 78 109 6 . 12 182 22 . 70 312 10 176 40 28 752 296 22 3 171 248 249 197 315 Partial Spotted 165 | . . . . . . . 15 . 45 . . 15 . . . . . . . . 15 15 15 15 . . 30 . . Lose Combat Pursuer 900 | . . . . . . . 45 30 . . . 30 90 . . 45 . 60 . . 45 180 . 90 . 150 120 15 . Influence Decreases 23374 | . 300 . 570 108 . 86 824 656 1141 177 626 251 1768 1015 797 96 865 1382 825 1032 985 1802 1551 647 376 1077 1848 758 1811 Entered New Map 10156 | . . . . . . . . 126 465 116 . 141 1268 925 123 66 705 442 597 480 . 848 697 187 66 211 770 452 1471 Time Decay 7731 | . 290 . 412 108 . 86 525 . 286 61 346 . 230 90 474 . 160 530 198 512 545 534 404 310 270 696 458 206 . Search Patrol Dispatched 100 | . . . . . . . . . . . . . . . . . . . . . . . . 100 . . . . . Lost Part 1294 | . 10 . . . . . 114 40 20 . . . . . 30 10 . . 30 20 140 170 . 10 . 90 170 100 340 Lost Ally 1255 | . . . 20 . . . 35 40 70 . 130 110 120 . 170 20 . 260 . 20 . 100 . 40 40 80 . . . Purge Threat 2838 | . . . 138 . . . 150 450 300 . 150 . 150 . . . . 150 . . 300 150 450 . . . 450 . . Squads Dispatched 137 | . 1 . 2 . . . 16 . 4 . 6 . 5 . 7 . 1 3 . . 29 18 4 6 4 15 12 4 . Investigation 23 | . 1 . 1 . . . 5 . 1 . . . 3 . 1 . . 1 . . 4 2 1 2 . . 1 . . Extermination 38 | . . . . . . . 6 . 1 . 2 . . . 2 . . . . . 3 4 2 3 3 5 5 2 . Reinforcement 38 | . . . 1 . . . 5 . 2 . 1 . . . 2 . . 2 . . 12 5 1 1 . 1 5 . . Assault 23 | . . . . . . . . . . . . . 2 . . . 1 . . . 3 5 . . 1 8 1 2 . Garrison 15 | . . . . . . . . . . . 3 . . . 2 . . . . . 7 2 . . . 1 . . . Intercept . | . . . . . . . . . . . . . . . . . . . . . . . . . . . . . . Searches Triggered 1 | . . . . . . . . . . . . . . . . . . . . . . . . 1 . . . . . Unchained Authorized 2 | . . . . . . . . . . . . . . . . . . . . . . . 1 . . . 1 . . Construction Impeded 2 | . . . . . . . 1 . . . . . . . . . . 1 . . . . . . . . . . . Haulers Reinforced 8 | . . . . . . . 2 . . . 1 . . . . . . . . . 2 2 . . . . 1 . . Active Scanning Responses . | . . . . . . . . . . . . . . . . . . . . . . . . . . . . . . Cargo Convoy Interrupts 1 | . . . . . . . . . . . . . . . 1 . . . . . . . . . . . . . . Stealth | -11 -10 -10 -9 -9 -7 -6 -6 -6 -5 -5 -5 -5 -4 -4 -4 -4 -4 -4 -4 -4 -4 -3 -3 -2 -2 -2 -1 -1 -1 --------- Run | Yrd Mat Min Mat Min Zio Pro Fac Gar Fac Was Fac Gar Fac Was Fac Gar Fac Ext Cet Arc Hub Res Qua Res Tes Frg Acc Com Ac0 Distress Signals 46 | . 1 . 5 . . . 2 1 . . 1 . 3 . 2 . . . 1 . 5 2 . 1 1 3 2 16 . Communications Jammed 177 | . . . . . . . . . . . . . . . 116 . 2 59 . . . . . . . . . . . Distress Signals 173 | . . . . . . . . . . . . . . . 114 . . 59 . . . . . . . . . . . Times Spotted 743 | . 14 1 19 3 . 3 51 36 17 1 12 47 23 5 25 26 3 34 10 15 72 51 14 13 8 105 68 32 35 Peak Tracking Total 15 | . 3 1 2 2 . 1 5 12 5 1 4 7 7 2 7 6 1 8 5 1 9 9 5 5 2 10 15 7 8 Tactical Retreats 32 | . . . . . . . 2 2 . . . 1 3 . . 2 . 2 . . 2 7 . 2 . 5 3 1 . Traps | -11 -10 -10 -9 -9 -7 -6 -6 -6 -5 -5 -5 -5 -4 -4 -4 -4 -4 -4 -4 -4 -4 -3 -3 -2 -2 -2 -1 -1 -1 ------- Run | Yrd Mat Min Mat Min Zio Pro Fac Gar Fac Was Fac Gar Fac Was Fac Gar Fac Ext Cet Arc Hub Res Qua Res Tes Frg Acc Com Ac0 Traps Triggered 45 | . 1 . . . . . 1 8 1 . . 6 2 . 1 7 1 1 . . 1 . . 1 3 8 2 1 . Indirectly . | . . . . . . . . . . . . . . . . . . . . . . . . . . . . . . Trap Hack Attempts . | . . . . . . . . . . . . . . . . . . . . . . . . . . . . . . Triggered . | . . . . . . . . . . . . . . . . . . . . . . . . . . . . . . Disarmed . | . . . . . . . . . . . . . . . . . . . . . . . . . . . . . . Reprogrammed 17 | . . . . . . . . . . . . . . . . . . . . . . . 16 . . . 1 . . Reused 12 | . . . . . . . . . . . . . . . . . . . . . . . 11 . . . 1 . . Traps Extracted . | . . . . . . . . . . . . . . . . . . . . . . . . . . . . . . Installed . | . . . . . . . . . . . . . . . . . . . . . . . . . . . . . . Triggered 10 | . . . . . . . . . . . . . . . . . . . . . . . 9 . . . 1 . . Machines | -11 -10 -10 -9 -9 -7 -6 -6 -6 -5 -5 -5 -5 -4 -4 -4 -4 -4 -4 -4 -4 -4 -3 -3 -2 -2 -2 -1 -1 -1 ---------- Run | Yrd Mat Min Mat Min Zio Pro Fac Gar Fac Was Fac Gar Fac Was Fac Gar Fac Ext Cet Arc Hub Res Qua Res Tes Frg Acc Com Ac0 Machines Disabled 128 | . . . . . . . 5 12 2 . . 9 2 . . 8 2 7 3 5 23 1 5 . 9 25 2 2 6 Max in Single Turn 8 | . . . . . . . 1 1 1 . . 2 1 . . 2 . 4 1 1 8 . 1 . 3 1 1 1 1 Garrison Access 8 | . . . . . . . . . . . . . . . . . . . . . 1 1 . 1 . 1 4 . . Garrison Relay 15 | . . . . . . . . 3 . . . 8 . . . 4 . . . . . . . . . . . . . Phase Generator 2 | . . . . . . . . 1 . . . . . . . 1 . . . . . . . . . . . . . Network Hub 3 | . . . . . . . . . . . . . . . . . . . . . 3 . . . . . . . . Energy Cycler 2 | . . . . . . . . . . . . . . . . . . 2 . . . . . . . . . . . Machines Repaired . | . . . . . . . . . . . . . . . . . . . . . . . . . . . . . . Machines Dismantled . | . . . . . . . . . . . . . . . . . . . . . . . . . . . . . . Machines Sabotaged 1 | . . . . . . . . . . . . . . . . . . . . . 1 . . . . . . . . Overloaded Fab Kills . | . . . . . . . . . . . . . . . . . . . . . . . . . . . . . . Hacking | -11 -10 -10 -9 -9 -7 -6 -6 -6 -5 -5 -5 -5 -4 -4 -4 -4 -4 -4 -4 -4 -4 -3 -3 -2 -2 -2 -1 -1 -1 --------- Run | Yrd Mat Min Mat Min Zio Pro Fac Gar Fac Was Fac Gar Fac Was Fac Gar Fac Ext Cet Arc Hub Res Qua Res Tes Frg Acc Com Ac0 Machines Accessed 166 | . 5 . 14 . . . 17 3 7 . 9 3 3 . 9 3 . 6 . . 10 16 12 9 8 9 17 6 . Terminals 102 | . 5 . 9 . . . 7 3 4 . 2 3 1 . 3 3 . 6 . . 9 7 9 3 5 8 10 5 . Fabricators 16 | . . . . . . . 2 . 3 . 1 . 1 . 2 . . . . . . 3 . 2 1 . 1 . . Repair Stations 10 | . . . 1 . . . 1 . . . 2 . . . 2 . . . . . . 1 . 2 1 . . . . Recycling Units 12 | . . . 2 . . . 3 . . . 2 . . . 1 . . . . . . 1 . 1 . . 1 1 . Scanalyzers 11 | . . . 2 . . . . . . . 1 . 1 . . . . . . . . 3 2 . 1 . 1 . . Garrison Access 15 | . . . . . . . 4 . . . 1 . . . 1 . . . . . 1 1 1 1 . 1 4 . . Total Hacks 571 | . 15 . 51 . . . 53 6 17 . 27 11 8 . 23 4 . 14 . . 19 98 50 31 34 27 56 27 . Successful 242 | . 7 . 27 . . . 17 3 8 . 17 4 5 . 9 . . 4 . . 13 44 17 12 7 10 32 6 . Failed 325 | . 7 . 24 . . . 36 3 9 . 10 7 2 . 14 4 . 10 . . 6 53 32 19 27 17 24 21 . Catastrophic 85 | . 1 . 1 . . . 9 1 2 . 1 1 1 . 2 3 . 2 . . 2 11 11 8 10 6 6 7 . Database Lockouts 4 | . 1 . . . . . . . . . . . 1 . . . . . . . . 1 1 . . . . . . Manual 191 | . 10 . 15 . . . 17 2 7 . 5 8 2 . 8 . . 6 . . 11 20 13 13 6 17 19 12 . Terminals 351 | . 15 . 36 . . . 24 6 9 . 6 11 3 . 6 4 . 14 . . 18 42 37 14 20 26 36 24 . Fabricators 61 | . . . . . . . 5 . 8 . 2 . 2 . 9 . . . . . . 19 . 6 4 . 6 . . Repair Stations 30 | . . . 2 . . . 5 . . . 6 . . . 5 . . . . . . 1 . 8 3 . . . . Recycling Units 38 | . . . 7 . . . 8 . . . 6 . . . 2 . . . . . . 5 . 2 . . 5 3 . Scanalyzers 62 | . . . 6 . . . . . . . 5 . 3 . . . . . . . . 30 7 . 7 . 4 . . Garrison Access 29 | . . . . . . . 11 . . . 2 . . . 1 . . . . . 1 1 6 1 . 1 5 . . Terminal Hacks 94 | . 6 . 11 . . . 7 2 3 . 2 2 3 . 1 . . 3 . . 6 12 9 3 1 4 16 3 . Record 1 | . . . . . . . . . . . . . . . . . . . . . . . . . . 1 . . . Part Schematic 3 | . 1 . . . . . 1 . . . . . . . . . . . . . . . . . . . 1 . . Robot Schematic 1 | . 1 . . . . . . . . . . . . . . . . . . . . . . . . . . . . Robot Analysis 1 | . 1 . . . . . . . . . . . . . . . . . . . . . . . . . . . . Prototype ID Bank 3 | . . . 2 . . . . . . . . . . . . . . 1 . . . . . . . . . . . Open Door 5 | . . . . . . . . . . . . . . . . . . . . . . 1 . . . . 3 1 . Level Access Points 3 | . . . . . . . . . . . . . . . . . . . . . 1 1 . . . . 1 . . Branch Access Points 4 | . . . 1 . . . . . . . . . . . . . . . . . . 1 . 1 . . 1 . . Emergency Access Points 3 | . . . 1 . . . . 1 . . . 1 . . . . . . . . . . . . . . . . . Machine Index 1 | . . . . . . . 1 . . . . . . . . . . . . . . . . . . . . . . Terminal Index 7 | . . . 1 . . . 1 . . . . . 1 . . . . . . . . 1 . . . 1 1 1 . Fabricator Index 1 | . . . . . . . . . . . . . . . . . . . . . . . . . . . 1 . . Unreport Threat 15 | . . . 1 . . . 1 . 2 . 1 . 1 . . . . . . . 2 1 3 . . . 3 . . Locate Traps 13 | . 1 . . . . . 1 . . . 1 . 1 . 1 . . 2 . . . 2 1 . 1 . 2 . . Reprogram Traps 4 | . . . . . . . . . . . . . . . . . . . . . . . 3 . . . 1 . . Recall Extermination 3 | . . . . . . . 1 . . . . . . . . . . . . . . 1 1 . . . . . . Recall Reinforcements 1 | . . . . . . . . . . . . . . . . . . . . . . . 1 . . . . . . Hauler Manifests 2 | . 1 . 1 . . . . . . . . . . . . . . . . . . . . . . . . . . Registered Components 7 | . 1 . . . . . 1 . 1 . . . . . . . . . . . 1 1 . . . . 1 1 . Registered Prototypes 3 | . . . 1 . . . . . . . . . . . . . . . . . . 1 . . . . 1 . . Zone Layout 10 | . . . 3 . . . . . . . . . . . . . . . . . 2 2 . 2 . 1 . . . Garrison Registry 1 | . . . . . . . . 1 . . . . . . . . . . . . . . . . . . . . . Patrol Navigation 1 | . . . . . . . . . . . . 1 . . . . . . . . . . . . . . . . . Proto ID Catalog 1 | . . . . . . . . . . . . . . . . . . . . . . . . . . 1 . . . Fabricator Hacks 19 | . . . . . . . . . 3 . 2 . 1 . 3 . . . . . . 5 . 1 2 . 2 . . Network Status 3 | . . . . . . . . . 1 . . . . . 1 . . . . . . 1 . . . . . . . Load Schematic 7 | . . . . . . . . . 1 . 1 . . . 1 . . . . . . 1 . 1 1 . 1 . . Build 9 | . . . . . . . . . 1 . 1 . 1 . 1 . . . . . . 3 . . 1 . 1 . . Repair Station Hacks 15 | . . . 2 . . . 2 . . . 5 . . . 1 . . . . . . 1 . 3 1 . . . . Scan Component 8 | . . . 1 . . . 1 . . . 3 . . . . . . . . . . . . 2 1 . . . . Repair 5 | . . . 1 . . . 1 . . . 2 . . . . . . . . . . . . 1 . . . . . Refit 2 | . . . . . . . . . . . . . . . 1 . . . . . . 1 . . . . . . . Recycling Unit Hacks 10 | . . . 2 . . . 1 . . . 2 . . . 2 . . . . . . 1 . 1 . . 1 . . Report Inventory 8 | . . . 2 . . . 1 . . . 2 . . . 1 . . . . . . . . 1 . . 1 . . Retrieve Components 2 | . . . . . . . . . . . . . . . 1 . . . . . . 1 . . . . . . . Scanalyzer 30 | . . . 4 . . . . . . . 3 . 1 . . . . . . . . 16 3 . 2 . 1 . . Insert Component 11 | . . . 2 . . . . . . . 1 . . . . . . . . . . 5 2 . 1 . . . . Analyze 9 | . . . 2 . . . . . . . 1 . . . . . . . . . . 6 . . . . . . . Retrieve Study 10 | . . . . . . . . . . . 1 . 1 . . . . . . . . 5 1 . 1 . 1 . . Garrison Access Hacks 13 | . . . . . . . 1 . . . 1 . . . 1 . . . . . 1 1 1 1 . 1 5 . . Unlock Access 4 | . . . . . . . 1 . . . 1 . . . 1 . . . . . . . 1 . . . . . . Seal Access 8 | . . . . . . . . . . . . . . . . . . . . . 1 1 . 1 . 1 4 . . Coupler Status 1 | . . . . . . . . . . . . . . . . . . . . . . . . . . . 1 . . Unauthorized Hacks 61 | . 1 . 8 . . . 6 1 2 . 2 2 . . 1 . . 1 . . 6 8 4 3 1 5 7 3 . Terminals 40 | . 1 . 8 . . . 5 1 . . . 2 . . . . . 1 . . 6 1 2 1 1 5 3 3 . Track 8 | . . . 1 . . . . 1 . . . . . . . . . . . . 1 . 1 . . 1 2 1 . Assimilate 1 | . . . . . . . 1 . . . . . . . . . . . . . . . . . . . . . . Botnet 18 | . 1 . 2 . . . 2 . . . . 2 . . . . . 1 . . 1 1 1 1 1 2 1 2 . Operators 2 | . . . . . . . 1 . . . . . . . . . . . . . . . . . . 1 . . . Skim 7 | . . . 5 . . . 1 . . . . . . . . . . . . . . . . . . 1 . . . Sabotage 4 | . . . . . . . . . . . . . . . . . . . . . 4 . . . . . . . . Fabricators 9 | . . . . . . . . . 2 . . . . . 1 . . . . . . 3 . 2 . . 1 . . Prioritize 3 | . . . . . . . . . 1 . . . . . . . . . . . . 1 . . . . 1 . . Liberate 1 | . . . . . . . . . . . . . . . . . . . . . . 1 . . . . . . . Haulers 3 | . . . . . . . . . 1 . . . . . 1 . . . . . . 1 . . . . . . . Download 1 | . . . . . . . . . . . . . . . . . . . . . . . . 1 . . . . . Recompile 1 | . . . . . . . . . . . . . . . . . . . . . . . . 1 . . . . . Repair Stations 1 | . . . . . . . 1 . . . . . . . . . . . . . . . . . . . . . . Patch 1 | . . . . . . . 1 . . . . . . . . . . . . . . . . . . . . . . Recycling Units 8 | . . . . . . . . . . . 2 . . . . . . . . . . 3 . . . . 3 . . Reject 3 | . . . . . . . . . . . 1 . . . . . . . . . . 1 . . . . 1 . . Recyclers 2 | . . . . . . . . . . . . . . . . . . . . . . 1 . . . . 1 . . Mask 3 | . . . . . . . . . . . 1 . . . . . . . . . . 1 . . . . 1 . . Scanalyzers 1 | . . . . . . . . . . . . . . . . . . . . . . 1 . . . . . . . Extract 1 | . . . . . . . . . . . . . . . . . . . . . . 1 . . . . . . . Garrison Access 2 | . . . . . . . . . . . . . . . . . . . . . . . 2 . . . . . . Broadcast 1 | . . . . . . . . . . . . . . . . . . . . . . . 1 . . . . . . Watchers 1 | . . . . . . . . . . . . . . . . . . . . . . . 1 . . . . . . Data Cores Recovered 8 | . . . 1 . . . . . . . . . 1 . . . . . . . 1 . 2 . . 1 2 . . Used 4 | . . . 1 . . . . . . . . . 1 . . . . . . . . . 1 . . 1 . . . Hacking Detections 141 | . 5 . 14 . . . 16 3 7 . 7 3 3 . 8 3 . 6 . . 6 11 11 8 8 6 11 5 . Full Trace Events 14 | . . . 1 . . . 4 1 1 . . . 1 . 1 1 . 1 . . . 1 1 . . . 1 . . Feedback Events 2 | . . . . . . . . . . . . . . . . 1 . . . . . . 1 . . . . . . Corruption 2 | . . . . . . . . . . . . . . . . 1 . . . . . . 1 . . . . . . Feedback Blocked . | . . . . . . . . . . . . . . . . . . . . . . . . . . . . . . Robot Schematics Acquired 6 | . 1 . . . 4 . . . . . . . . . . . . . . . . . . . 1 . . . . Robots Built 2 | . . . . . . . . . . . . . 2 . . . . . . . . . . . . . . . . Authchips . | . . . . . . . . . . . . . . . . . . . . . . . . . . . . . . Time 93 | . . . . . . . . . . . . . 93 . . . . . . . . . . . . . . . . Total Robot Build Rating 14 | . . . . . . . . . . . . . 14 . . . . . . . . . . . . . . . . Part Schematics Acquired 47 | . 1 . 2 . 13 . 1 . . . 1 . . . . . . . . . . 7 10 1 5 5 1 . . Parts Built 9 | . . . . . . . . . 2 . 1 . . . 1 . . . . . . 2 . . 1 . 2 . . Authchips 3 | . . . . . . . . . . . 1 . . . 1 . . . . . . . . . 1 . . . . Time 485 | . . . . . . . . . 21 . 42 . . . 51 . . . . . . 282 . . 74 . 15 . . Total Part Build Rating 53 | . . . . . . . . . 8 . 8 . . . 1 . . . . . . 17 . . 9 . 10 . . Part Studies Acquired 10 | . . . . . . . . . . . 1 . 1 . . . . . . . . 5 1 . 1 . 1 . . Parts Repaired 5 | . . . 1 . . . 1 . . . 2 . . . . . . . . . . . . 1 . . . . . Time 246 | . . . 38 . . . 44 . . . 124 . . . . . . . . . . . . 40 . . . . . Parts Recycled . | . . . . . . . . . . . . . . . . . . . . . . . . . . . . . . Recycled Matter . | . . . . . . . . . . . . . . . . . . . . . . . . . . . . . . Retrieved Matter . | . . . . . . . . . . . . . . . . . . . . . . . . . . . . . . Retrieved Components 5 | . . . . . . . . . . . . . . . 2 . . . . . . 3 . . . . . . . Parts Scanalyzed 8 | . . . 2 . . . . . . . 1 . . . . . . . . . . 5 . . . . . . . Part Schematics Acquired 8 | . . . 2 . . . . . . . 1 . . . . . . . . . . 5 . . . . . . . Parts Damaged 1 | . . . 1 . . . . . . . . . . . . . . . . . . . . . . . . . . Bothacking | -11 -10 -10 -9 -9 -7 -6 -6 -6 -5 -5 -5 -5 -4 -4 -4 -4 -4 -4 -4 -4 -4 -3 -3 -2 -2 -2 -1 -1 -1 ------------ Run | Yrd Mat Min Mat Min Zio Pro Fac Gar Fac Was Fac Gar Fac Was Fac Gar Fac Ext Cet Arc Hub Res Qua Res Tes Frg Acc Com Ac0 Used RIF Installer 3 | . . . . . . . . 1 . . . 1 . . . 1 . . . . . . . . . . . . . Signal Jammer 1 | . . . . . . . . . . . . . . . . 1 . . . . . . . . . . . . . Patrol Navigation 1 | . . . . . . . . . . . . 1 . . . . . . . . . . . . . . . . . Robots Hacked 110 | . . . . . 1 . . 5 11 . 8 10 11 6 16 10 5 13 . . . 5 . 2 3 4 . . . Non-combat 27 | . . . . . . . . 1 2 . 7 . 2 . 7 . 3 5 . . . . . . . . . . . Combat 83 | . . . . . 1 . . 4 9 . 1 10 9 6 9 10 2 8 . . . 5 . 2 3 4 . . . Robot Hacks Applied 123 | . . . . . 1 . . 10 12 . 10 11 12 6 17 10 5 14 . . . 6 . 2 3 4 . . . parse_system 13 | . . . . . 1 . . 1 . . 2 . 2 . 3 1 . . . . . . . . 2 1 . . . no_distress 1 | . . . . . . . . . 1 . . . . . . . . . . . . . . . . . . . . find_chute 2 | . . . . . . . . . 1 . . . 1 . . . . . . . . . . . . . . . . map_walls 2 | . . . . . . . . . . . 1 . . . 1 . . . . . . . . . . . . . . find_fabricator 1 | . . . . . . . . . . . 1 . . . . . . . . . . . . . . . . . . drop_inventory 7 | . . . . . . . . . . . 3 . . . 2 . 2 . . . . . . . . . . . . recall_reinforcements 1 | . . . . . . . . . . . 1 . . . . . . . . . . . . . . . . . . find_recycling 1 | . . . . . . . . . 1 . . . . . . . . . . . . . . . . . . . . ignore_parts 6 | . . . . . . . . . . . . . . . 1 . . 5 . . . . . . . . . . . purge_threat 5 | . . . . . . . . 4 . . . . . . . . . 1 . . . . . . . . . . . map_route 1 | . . . . . . . . . . . . . . . . . 1 . . . . . . . . . . . . redirect_shields 1 | . . . . . . . . . . . . . . . 1 . . . . . . . . . . . . . . ignore_targets 6 | . . . . . . . . . . . . . . 6 . . . . . . . . . . . . . . . find_garrison 1 | . . . . . . . . . . . . . . . 1 . . . . . . . . . . . . . . scatter_targeting 6 | . . . . . . . . 1 . . . 1 1 . . 1 . 2 . . . . . . . . . . . mark_system 2 | . . . . . . . . . . . . 2 . . . . . . . . . . . . . . . . . disrupt_area 1 | . . . . . . . . . . . . . . . . . . 1 . . . . . . . . . . . amplify_resonance 4 | . . . . . . . . . 1 . . . 2 . . 1 . . . . . . . . . . . . . wipe_record 1 | . . . . . . . . . 1 . . . . . . . . . . . . . . . . . . . . disable_weapons 5 | . . . . . . . . . . . . . 4 . . . . 1 . . . . . . . . . . . reboot_system 5 | . . . . . . . . . 3 . . . . . 1 . . 1 . . . . . . . . . . . overwrite_iff 16 | . . . . . . . . 2 2 . . 4 1 . 3 1 1 . . . . 2 . . . . . . . formatsys_low 3 | . . . . . . . . 1 . . 2 . . . . . . . . . . . . . . . . . . formatsys_high 32 | . . . . . . . . 1 2 . . 4 1 . 4 6 1 3 . . . 4 . 2 1 3 . . . Relay Couplers Released 68 | . . . . . . . . 17 . . . 32 . . . 14 . . . . . . . . . . 5 . . Machine Destruction 64 | . . . . . . . . 13 . . . 32 . . . 14 . . . . . . . . . . 5 . . Programmers 4 | . . . . . . . . 4 . . . . . . . . . . . . . . . . . . . . . Attached 33 | . . . . . . . . 8 4 1 . 7 . 1 2 7 . 1 . . . 1 . 1 . . . . . Fabnet Peak Effective % . | . . . . . . . . . . . . . . . . . . . . . . . . . . . . . . Robots Rewired 17 | . . . . . . . . . . . . . . . . 2 . 14 . . . . . . 1 . . . . Allies Hacked 9 | . . . . . . . . . 1 . 1 . . . 3 . . 1 . . . . . 1 1 1 . . . Hacks Repelled 1 | . . . . . . . . . . . . . . . . . . . . . . . . 1 . . . . . Allies | -11 -10 -10 -9 -9 -7 -6 -6 -6 -5 -5 -5 -5 -4 -4 -4 -4 -4 -4 -4 -4 -4 -3 -3 -2 -2 -2 -1 -1 -1 -------- Run | Yrd Mat Min Mat Min Zio Pro Fac Gar Fac Was Fac Gar Fac Was Fac Gar Fac Ext Cet Arc Hub Res Qua Res Tes Frg Acc Com Ac0 Total Allies 103 | . . 3 . 3 . . 1 4 4 20 2 10 4 . 10 9 2 17 . . . 5 . 3 2 4 . . . Largest Group 21 | . . 3 3 5 3 2 1 2 3 21 21 12 3 . 4 7 9 16 1 1 . 3 . 2 1 4 . . . Highest-Rated Group 835 | . . 40 40 108 63 32 26 58 124 788 788 492 143 . 211 484 587 835 54 37 . 246 . 164 125 337 . . . Highest-Rated Ally 125 | . . 16 16 31 31 16 26 32 49 49 49 54 56 . 54 119 119 119 54 37 . 82 . 82 125 98 . . . Total Orders 63 | . . . . . . . 4 . 2 . 5 . . . 7 8 2 3 5 1 . . . 4 3 19 . . . STAY 22 | . . . . . . . . . 1 . . . . . 6 5 1 2 2 1 . . . 2 2 . . . . ROAM 1 | . . . . . . . . . . . . . . . . . . . 1 . . . . . . . . . . FOLLOW 13 | . . . . . . . . . 1 . 1 . . . 1 3 1 1 2 . . . . 2 1 . . . . DROP 2 | . . . . . . . . . . . 2 . . . . . . . . . . . . . . . . . . PICKUP 2 | . . . . . . . . . . . 2 . . . . . . . . . . . . . . . . . . EXPLORE 15 | . . . . . . . 4 . . . . . . . . . . . . . . . . . . 11 . . . RETURN 8 | . . . . . . . . . . . . . . . . . . . . . . . . . . 8 . . . Ally Attacks 859 | . . . 41 3 . 12 . 25 11 24 179 154 40 . 49 24 15 132 19 . . 59 . 19 6 47 . . . Total Damage 21900 | . . . 384 30 . 151 . 382 271 427 3603 4113 1519 . 1322 540 526 4534 571 . . 1374 . 355 142 1656 . . . Kills 146 | . . . 9 1 . . . 2 2 1 22 25 9 . 13 5 4 32 3 . . 7 . 2 . 9 . . . Allies Corrupted 6 | . . . . . . . . . . . 2 . . . . . . 2 . . . . . 1 1 . . . . Allies Melted 2 | . . . . . . . . . . . . 1 . . . . . 1 . . . . . . . . . . . Intel | -11 -10 -10 -9 -9 -7 -6 -6 -6 -5 -5 -5 -5 -4 -4 -4 -4 -4 -4 -4 -4 -4 -3 -3 -2 -2 -2 -1 -1 -1 ------- Run | Yrd Mat Min Mat Min Zio Pro Fac Gar Fac Was Fac Gar Fac Was Fac Gar Fac Ext Cet Arc Hub Res Qua Res Tes Frg Acc Com Ac0 Active Infowar (turns) 24853 | . . . . . 11 584 1373 4 596 444 1036 138 218 . 1212 1353 331 1480 403 5103 672 1357 975 698 594 2786 1146 1857 482 Optics 16417 | . . . . . . . 134 . . . . . . . 98 1353 331 1480 403 5103 352 301 975 698 594 2442 . 1671 482 Sensors 13604 | . . . . . 11 584 1268 4 492 444 1036 138 218 . 1156 780 327 1446 10 . 589 1277 924 675 563 651 1005 6 . Terrain 204 | . . . . . . . 100 . 104 . . . . . . . . . . . . . . . . . . . . Structural 949 | . . . . . . . . . . . . . . . . . . . . . . 90 719 140 . . . . . Traps 2 | . . . . . . . . . . . . . . . . . . . . . . 2 . . . . . . . T.N.C. 2457 | . . . . . . . . . . . . . . . 516 1302 331 308 . . . . . . . . . . . Machine Analysis 89 | . . . . . . . . . . . . . . . . . . . . . . 89 . . . . . . . Triangulation 48 | . . . . . . . . . . . . . . . . . . . . . . . . . . . 48 . . Cloaking 1963 | . . . . . . . . . . . . . . . . . . . . . . . . . . 520 1146 297 . Jamming 1518 | . . . . . . . . . . . . . . . 1136 382 . . . . . . . . . . . . . Robot Analysis Total 1 | . 1 . . . . . . . . . . . . . . . . . . . . . . . . . . . . Derelict Logs Recovered 5 | . . 1 . 2 1 1 . . . . . . . . . . . . . . . . . . . . . . . Drone Launches 20 | . . . . . . . 4 . . . . . . . . . . . . . . . . . . 16 . . . Drone Recoveries 16 | . . . . . . . . . . . . . . . . . . . . . . . . . . 16 . . . Exploration | -11 -10 -10 -9 -9 -7 -6 -6 -6 -5 -5 -5 -5 -4 -4 -4 -4 -4 -4 -4 -4 -4 -3 -3 -2 -2 -2 -1 -1 -1 ------------- Run | Yrd Mat Min Mat Min Zio Pro Fac Gar Fac Was Fac Gar Fac Was Fac Gar Fac Ext Cet Arc Hub Res Qua Res Tes Frg Acc Com Ac0 Turns Passed 37060 | 60 721 427 1314 874 1605 741 2438 1492 620 447 1036 1657 490 186 1212 1353 331 1480 403 5103 1854 1506 975 698 594 2917 1146 2881 499 Spaces Moved 26337 | 55 511 377 840 623 1189 499 1305 855 576 458 578 934 273 140 562 1126 193 758 157 425 814 1672 1385 1112 867 2334 2042 3098 579 Core 224 | 7 . . . . . . . . . . . . . . . . . . . 217 . . . . . . . . . Treads 559 | . . . . . . . . . . . . . . . . . . . . 118 436 . . . . . . 5 . Legs 7245 | . . . . . . . . 169 152 215 578 934 273 140 499 316 193 758 157 54 378 496 . . . 1280 . 653 . Wheels 6078 | 48 511 377 840 623 1189 499 1305 686 . . . . . . . . . . . . . . . . . . . . . Hover 8781 | . . . . . . . . . . . . . . . . . . . . 36 . . 651 1112 867 1054 2042 2440 579 Flight 3450 | . . . . . . . . . 424 243 . . . . 63 810 . . . . . 1176 734 . . . . . . Fastest Speed 16 | 50 90 110 110 135 105 135 105 110 34 32 130 130 130 125 28 28 123 123 123 104 120 19 16 26 32 33 36 36 24 Average Speed 101 | 85 98 110 124 135 130 135 124 127 74 80 130 130 136 125 121 61 124 123 178 1135 142 51 23 31 35 76 37 70 45 Slowest Speed 2050 | 100 115 110 135 135 135 135 180 187 190 140 130 140 140 132 235 140 133 193 183 2050 190 125 108 32 115 186 108 260 121 Overloaded Moves 37 | . . . . . . . . . . . . . . . . . . . . . . . . . . . . 8 29 Propulsion Burnouts . | . . . . . . . . . . . . . . . . . . . . . . . . . . . . . . Robots Hopped 14 | . . . . . . . . . . . . . . . 6 . . 3 . . . 5 . . . . . . . Potential Cave-ins 18 | . . . . . . . . . . . . . . . . . . . . . . . 5 2 . 11 . . . Cave-ins Triggered 2 | . . . . . . . . . . . . . . . . . . . . . . . . . . 2 . . . Teleports 71 | . . . . . . . . . . . . . . . . . . . . . . . . . . 15 51 5 . Exploration Rate (%) 59 | 4 74 62 84 98 86 65 47 75 13 88 18 95 11 84 17 96 9 89 66 81 87 36 90 23 80 52 61 70 34 Regions Visited 29 Branch Regions 13 Pre-discovered Areas 3 | . . 1 1 . 1 . . . . . . . . . . . . . . . . . . . . . . . . Known Exits Taken 16 | . . . 1 . . 1 1 . . . 1 . . . 1 . 1 1 1 1 1 1 1 1 1 1 1 . . Unknown Exits Taken 6 | 1 1 1 . 1 1 . . . . . . . . . . . . . . . . . . . . . . 1 . Scrap Searched 8 | . . 1 . 1 2 4 . . . . . . . . . . . . . . . . . . . . . . . Spaces Dug 388 | . . . . . . 3 29 5 . . 1 18 3 . 4 50 . 4 . . 33 17 12 1 7 43 88 70 . Terrain Destroyed 1920 | . . . . . . 3 71 156 3 . 1 53 7 . 32 230 . 63 9 16 509 178 12 1 63 48 112 216 137 Melee 118 | . . . . . . 3 2 5 . . 1 17 . . 3 11 . . . . . 15 12 . 6 5 29 9 . Projectile 289 | . . . . . . . 49 1 3 . . 10 7 . 6 6 . 19 9 16 64 15 . 1 1 39 14 12 17 AOE 1513 | . . . . . . . 20 150 . . . 26 . . 23 213 . 44 . . 445 148 . . 56 4 69 195 120 Terrain Rammed . | . . . . . . . . . . . . . . . . . . . . . . . . . . . . . . Walls Destroyed . | . . . . . . . . . . . . . . . . . . . . . . . . . . . . . . Machines Disabled . | . . . . . . . . . . . . . . . . . . . . . . . . . . . . . . Actions | -11 -10 -10 -9 -9 -7 -6 -6 -6 -5 -5 -5 -5 -4 -4 -4 -4 -4 -4 -4 -4 -4 -3 -3 -2 -2 -2 -1 -1 -1 --------- Run | Yrd Mat Min Mat Min Zio Pro Fac Gar Fac Was Fac Gar Fac Was Fac Gar Fac Ext Cet Arc Hub Res Qua Res Tes Frg Acc Com Ac0 Total 34301 | 64 630 389 998 638 1235 532 1872 1108 727 534 829 1220 345 149 1045 1651 263 1199 221 627 1350 2153 1949 1423 1104 3258 2330 3683 775 Wait 3581 | . 45 11 49 5 5 1 255 14 38 46 182 76 13 . 323 261 31 282 7 119 167 171 423 258 119 314 78 267 21 Move 26284 | 54 510 376 839 622 1188 498 1304 854 576 457 577 933 273 139 553 1125 192 751 156 424 813 1661 1384 1111 866 2331 2041 3097 579 Hop 11 | . . . . . . . . . . . . . . . 3 . . 3 . . . 5 . . . . . . . Pick Up 402 | 4 10 1 13 1 17 2 30 10 9 2 13 8 . 1 20 20 4 4 4 4 19 33 19 6 15 63 18 39 13 Fast Attach 388 | 6 2 . 8 . 3 . 30 14 16 8 5 18 4 . 13 13 3 14 3 19 24 31 12 2 21 60 11 39 9 Attach 236 | . . . 2 . 2 . 8 2 7 1 2 9 . 1 15 19 . 2 2 4 16 33 10 4 9 26 13 24 25 Detach 77 | . . . . . 2 . 1 . 1 . 1 7 . . 12 13 . 1 . 2 1 10 8 3 1 5 . 5 4 Swap 445 | . 6 . 9 . 6 8 25 36 9 4 9 23 7 . 15 21 3 17 8 1 37 21 19 7 8 85 21 30 10 Drop 656 | . 7 1 21 1 10 4 44 25 30 12 11 29 2 1 24 28 9 15 7 17 43 51 30 7 34 108 8 64 13 Fire 1366 | . 50 . 57 9 . 16 158 96 29 4 28 83 46 7 49 95 9 106 34 37 225 90 . 1 11 56 16 22 32 Melee 763 | . . . . . 2 3 16 29 12 . 1 31 . . 13 34 12 2 . . . 45 44 22 20 189 124 95 69 Ram . | . . . . . . . . . . . . . . . . . . . . . . . . . . . . . . Kick 4 | . . . . . . . . . . . . . . . 1 . . 2 . . 1 . . . . . . . . Crush 4 | . . . . . . . . . . . . . . . . . . . . . 4 . . . . . . . . Escape Stasis 72 | . . . . . . . . 28 . . . 2 . . . 22 . . . . . . . . . 20 . . . Rewire 11 | . . . . . . . . . . . . 1 . . 4 . . . . . . 2 . 2 . 1 . 1 . Trap . | . . . . . . . . . . . . . . . . . . . . . . . . . . . . . . Miscellaneous 1 | . . . . . . . 1 . . . . . . . . . . . . . . . . . . . . . . Route ------- -11/Scrapyard -10/Materials (discovered 3 exits: *Mat / [*Min x2]) -10/Mines -9/Materials (discovered 3 exits: [*Mat x2] / *Min) -9/Mines (discovered 4 exits: [*Mat x2] / [*Exi] / [*Zio]) -7/Zion -6/Proximity Caves -6/Factory (discovered 4 exits: *Fac x2 / *Low / Gar) -6/Garrison (discovered 3 exits: *Fac x3) -5/Factory -5/Waste -5/Factory -5/Garrison (discovered 3 exits: *Fac x3) -4/Factory -4/Waste -4/Factory (discovered 5 exits: *Res / *Upp x2 / *Ext / Gar) -4/Garrison (discovered 3 exits: *Fac x3) -4/Factory (discovered 2 exits: *Upp / *Ext) -4/Extension (discovered 3 exits: *Res x2 / *Cet) -4/Cetus (discovered 2 exits: *Res / *Arc) -4/Archives (discovered 3 exits: *Res / *Hub x2) -4/Hub_04(d) (discovered 4 exits: *Res x4) -3/Research (discovered 5 exits: *Res x3 / *Qua x2) -3/Quarantine (discovered 2 exits: *Res / Gar) -2/Research (discovered 2 exits: *Tes x2) -2/Testing (discovered 3 exits: *Acc / *Sec / *Frg) -2/Protoforge -1/Access (discovered 2 exits: Sur / *Com) -1/Command (discovered 3 exits: *Sur x2 / [*Ac0]) -1/Access_0 History --------- Turn | Location | Event 26 | -11/Scrapyard | Discovered new exit (range 16) 61 | -11/Scrapyard | Entered Materials 318 | -10/Materials | Build established: Mutant 324 | -10/Materials | Discovered new exit (range 15) 332 | -10/Materials | Discovered new exit (range 15) 459 | -10/Materials | Discovered new exit (range 9) 704 | -10/Materials | Central database locked down 782 | -10/Materials | Entered Mines 783 | -10/Mines | Learned location of Storage (-7) 855 | -10/Mines | Assisted by bots powering up and referring to "LRC-V3" 893 | -10/Mines | Learned Materials trap positions 919 | -10/Mines | Found a damaged Exp. Sensor Array with a note attached 922 | -10/Mines | Found Prototype Device 1097 | -10/Mines | Assembled infested the area 1102 | -10/Mines | Assisted by a Guerilla fighting off Assembled 1195 | -10/Mines | Discovered new exit (range 10) 1209 | -10/Mines | Entered Materials 1209 | -9/Materials | Accompanied by 3 allies 1209 | -9/Materials | Evolved 2 slots: Propulsion x1, Utility x1 1210 | -9/Materials | Loaded intel: 13 trap records 1701 | -9/Materials | Repaired Imp. Heat Sink 1736 | -9/Materials | Identified Exp. Sensor Array 1754 | -9/Materials | Discovered new exit (range 14) 2119 | -9/Materials | Discovered new exit (range 4) 2358 | -9/Materials | Identified exit to Mines 2438 | -9/Materials | Learned 4 Recycling zone layouts 2507 | -9/Materials | Learned location of Zion (-7) 2523 | -9/Materials | Entered Mines 2523 | -9/Mines | Accompanied by 2 allies 2531 | -9/Mines | Met a Derelict bent on vengeance 2563 | -9/Mines | Learned 8 Materials zone layouts 2582 | -9/Mines | Received a Mining Laser from a helpful Derelict 2723 | -9/Mines | Deemed a non-threat by the Exiles lab entrance 2724 | -9/Mines | Discovered new exit (range 5) 2751 | -9/Mines | Discovered new exit (range 3) 2765 | -9/Mines | Discovered new exit (range 8) 2841 | -9/Mines | A Derelict revealed a hidden shortcut to a safe place 3007 | -9/Mines | Learned location of 1 exit from Lower Caves 3397 | -9/Mines | Entered Zion 3397 | -7/Zion | Accompanied by 3 allies 3441 | -7/Zion | Discovered new exit (range 13) 3447 | -7/Zion | Led the pair of lost Derelicts to a safe place 3454 | -7/Zion | Visited the Megawrench Repair Shop 3780 | -7/Zion | Learned Factory emergency access door positions 3949 | -7/Zion | Met Imprinter 4164 | -7/Zion | Found Prototype Device 4165 | -7/Zion | Identified Phasing AFG 4197 | -7/Zion | Received a visual enhancement algorithm 4613 | -7/Zion | Found Relay Coupler [Programmer] 4615 | -7/Zion | Found Relay Coupler [Programmer] 4618 | -7/Zion | Found Relay Coupler [Programmer] 4624 | -7/Zion | Found Relay Coupler [Programmer] 4635 | -7/Zion | Found Relay Coupler [Programmer] 4821 | -7/Zion | Megawrench repaired 8 parts 5002 | -7/Zion | Entered Proximity Caves 5002 | -6/Proximity Caves | Accompanied by 2 allies 5045 | -6/Proximity Caves | Attracted the attention of an 0b10 checkpoint 5237 | -6/Proximity Caves | Spotted B-75 Beast 5264 | -6/Proximity Caves | Destroyed B-75 Beast 5454 | -6/Proximity Caves | Identified exit to Factory 5743 | -6/Proximity Caves | Entered Factory 5743 | -6/Factory | Evolved 6 slots: Propulsion x1, Utility x5 6339 | -6/Factory | Discovered new exit (range 48) 6618 | -6/Factory | Lost 3 parts (1n2u) 6907 | -6/Factory | Discovered new exit (range 4) 6910 | -6/Factory | Identified exit to Lower Caves 7417 | -6/Factory | Spotted B-75 Beast 7457 | -6/Factory | Destroyed B-75 Beast 7482 | -6/Factory | Lost 7 parts (1p2n2u2w) 7727 | -6/Factory | Discovered new exit (range 16) 7951 | -6/Factory | Repaired Arm. Huge Wheel? 8150 | -6/Factory | Identified exit to Garrison 8181 | -6/Factory | Entered Garrison 8411 | -6/Garrison | Phase Generator disabled 8476 | -6/Garrison | Triggered checkpoint 8508 | -6/Garrison | Garrison Relay disabled 8537 | -6/Garrison | Installed Relay Interface Framework 8817 | -6/Garrison | Triggered checkpoint 8823 | -6/Garrison | Triggered checkpoint 8863 | -6/Garrison | Triggered checkpoint 8864 | -6/Garrison | Destroyed 10 combat bots 8866 | -6/Garrison | Build established: Bothacker-Mutant 8981 | -6/Garrison | Garrison Relay disabled 9055 | -6/Garrison | Discovered new exit (range 13) 9085 | -6/Garrison | H-XX Assembler disabled 9271 | -6/Garrison | Triggered checkpoint 9292 | -6/Garrison | Triggered checkpoint 9407 | -6/Garrison | Garrison Relay disabled 9444 | -6/Garrison | Discovered new exit (range 26) 9444 | -6/Garrison | Discovered new exit (range 70) 9444 | -6/Garrison | Discovered new exit (range 43) 9549 | -6/Garrison | Triggered checkpoint 9673 | -6/Garrison | Entered Factory 9673 | -5/Factory | Accompanied by 1 ally 9673 | -5/Factory | Evolved 2 slots: Power x1, Propulsion x1 10225 | -5/Factory | Spotted B-75 Beast 10264 | -5/Factory | Fabricated Corruption Screen? 10293 | -5/Factory | Manually triggered Chute Trap 10293 | -5/Factory | Sucked down chute 10293 | -5/Factory | Entered Waste 10294 | -5/Waste | Joined by Warlord forces that had cleared the area 10318 | -5/Waste | 1 allies followed down the chute 10350 | -5/Waste | Discovered new exit (range 16) 10603 | -5/Waste | A Compactor rumbled back to life 10611 | -5/Waste | Allies destroyed C-40 Crusher 10705 | -5/Waste | Identified exit to Factory 10740 | -5/Waste | Entered Factory 10740 | -5/Factory | Accompanied by 21 allies 10872 | -5/Factory | Repaired Hvy. Armored Exoskeleton 11146 | -5/Factory | Repaired Hyp. Coil Gun 11456 | -5/Factory | Noticed a derelict Sapper rigging charges 11457 | -5/Factory | Garrison activated, responded to threat 11518 | -5/Factory | Lost 6 allies 11544 | -5/Factory | Identified exit to Garrison 11549 | -5/Factory | P-70 Sage assimilated allied Q3-2QP(g) 11552 | -5/Factory | Fabricated Hvy. Armored Exoskeleton? 11776 | -5/Factory | Entered Garrison 11776 | -5/Garrison | Accompanied by 10 allies 11862 | -5/Garrison | Triggered checkpoint 11898 | -5/Garrison | Rescued a captive Derelict 11910 | -5/Garrison | Garrison Relay disabled 11935 | -5/Garrison | Rescued a captive Derelict 12050 | -5/Garrison | Triggered checkpoint 12053 | -5/Garrison | Spotted B-75 Beast 12061 | -5/Garrison | Allies destroyed B-75 Beast 12063 | -5/Garrison | Triggered checkpoint 12108 | -5/Garrison | Destroyed 8 combat bots 12141 | -5/Garrison | Discovered new exit (range 10) 12152 | -5/Garrison | Identified exit to Factory 12236 | -5/Garrison | Triggered checkpoint 12291 | -5/Garrison | Garrison Relay disabled 12367 | -5/Garrison | Spotted B-75 Beast 12370 | -5/Garrison | Spotted B-75 Beast 12376 | -5/Garrison | Triggered checkpoint 12393 | -5/Garrison | Allies destroyed B-75 Beast 12451 | -5/Garrison | Discovered exit to Factory (range 5) 12558 | -5/Garrison | Triggered checkpoint 12564 | -5/Garrison | Garrison Relay disabled 12604 | -5/Garrison | Garrison Relay disabled 12638 | -5/Garrison | Triggered checkpoint 12740 | -5/Garrison | Triggered checkpoint 12777 | -5/Garrison | Expanded RIF knowledge: Patrol Navigation 12788 | -5/Garrison | Discovered exit to Factory (range 5) 12818 | -5/Garrison | P-70 Sage assimilated allied HG-D3E(g) 12874 | -5/Garrison | Lost 4 allies 12878 | -5/Garrison | Garrison Relay disabled 12881 | -5/Garrison | Garrison Relay disabled 12886 | -5/Garrison | Garrison Relay disabled 12916 | -5/Garrison | Garrison Relay disabled 13433 | -5/Garrison | Entered Factory 13433 | -4/Factory | Accompanied by 3 allies 13433 | -4/Factory | Evolved 2 slots: Utility x2 13683 | -4/Factory | First assault squad dispatched 13735 | -4/Factory | Lost 4 allies 13843 | -4/Factory | Fabricated H-77 Assassin? 13916 | -4/Factory | Central database locked down 13923 | -4/Factory | Manually triggered Chute Trap 13923 | -4/Factory | Sucked down chute 13923 | -4/Factory | Entered Waste 13938 | -4/Waste | EMP discharged 13938 | -4/Waste | Spotted C-40 Crusher 13974 | -4/Waste | Spotted C-40 Crusher 13996 | -4/Waste | Spotted C-40 Crusher 14025 | -4/Waste | Spotted C-40 Crusher 14038 | -4/Waste | EMP discharged 14052 | -4/Waste | Spotted C-40 Crusher 14063 | -4/Waste | Spotted C-40 Crusher 14074 | -4/Waste | Discovered new exit (range 10) 14108 | -4/Waste | Identified exit to Factory 14109 | -4/Waste | Entered Factory 14163 | -4/Factory | Discovered new exit (range 15) 14179 | -4/Factory | Discovered new exit (range 14) 14194 | -4/Factory | Identified exit to Extension 14309 | -4/Factory | Discovered new exit (range 8) 14318 | -4/Factory | Identified exit to Upper Caves 14482 | -4/Factory | Fabricated Huge Storage Unit (x1) 14576 | -4/Factory | Discovered new exit (range 13) 15117 | -4/Factory | Cargo convoy interrupted 15121 | -4/Factory | Sage 7c assimilated hostile A-27 Freighter 15124 | -4/Factory | Spotted Executioner 15130 | -4/Factory | Spotted Executioner 15131 | -4/Factory | Sage 7c assimilated hostile Executioner 15139 | -4/Factory | Allies destroyed Executioner 15153 | -4/Factory | Garrison activated, responded to threat 15208 | -4/Factory | Lost 7 allies 15221 | -4/Factory | Found Exp. Actuator Array 15298 | -4/Factory | Found Exp. Actuator Array 15309 | -4/Factory | System corruption reached 10% 15321 | -4/Factory | Identified exit to Garrison 15321 | -4/Factory | Entered Garrison 15363 | -4/Garrison | Garrison Relay disabled 15372 | -4/Garrison | Triggered checkpoint 15469 | -4/Garrison | Triggered checkpoint 15473 | -4/Garrison | Triggered checkpoint 15508 | -4/Garrison | Destroyed 8 combat bots 15596 | -4/Garrison | Discovered new exit (range 8) 15621 | -4/Garrison | Triggered checkpoint 15623 | -4/Garrison | Garrison Relay disabled 15694 | -4/Garrison | Phase Generator disabled 15745 | -4/Garrison | Triggered checkpoint 15799 | -4/Garrison | Discovered new exit (range 22) 15823 | -4/Garrison | Triggered checkpoint 15843 | -4/Garrison | Expanded RIF knowledge: Signal Jamming 15889 | -4/Garrison | Garrison Relay disabled 16365 | -4/Garrison | Triggered checkpoint 16399 | -4/Garrison | Build established: Bothacker-Skirmisher 16468 | -4/Garrison | Garrison Relay disabled 16483 | -4/Garrison | Triggered checkpoint 16575 | -4/Garrison | Discovered new exit (range 13) 16610 | -4/Garrison | Rewired Executioner 16617 | -4/Garrison | Rewired Executioner 16646 | -4/Garrison | Identified exit to Factory 16674 | -4/Garrison | Entered Factory 16674 | -4/Factory | Accompanied by 7 allies 16718 | -4/Factory | Discovered exit to Upper Caves (range 39) 16924 | -4/Factory | First assault squad dispatched 16934 | -4/Factory | Discovered exit to Extension (range 14) 17005 | -4/Factory | Entered Extension 17005 | -4/Extension | Accompanied by 8 allies 17046 | -4/Extension | Energy Cycler disabled 17048 | -4/Extension | Rescued a captive Derelict 17054 | -4/Extension | Rescued a captive Derelict 17055 | -4/Extension | Rescued a captive Derelict 17310 | -4/Extension | Destroyed Executioner 17318 | -4/Extension | Found Exp. Core Analyzer 17324 | -4/Extension | Found Exp. Core Analyzer 17572 | -4/Extension | Build established: Commander-Assassin 17668 | -4/Extension | Spotted B-86 Titan 17682 | -4/Extension | Spotted B-86 Titan 17702 | -4/Extension | Allies destroyed B-86 Titan 17715 | -4/Extension | Allies destroyed B-86 Titan 17720 | -4/Extension | Discovered new exit (range 16) 17737 | -4/Extension | Extracted ID and sensor layout for unrecognized location from A7's data core 17992 | -4/Extension | Build established: Commander-Skirmisher 18147 | -4/Extension | Murdered 3 allies 18237 | -4/Extension | Lost 3 allies 18320 | -4/Extension | Disrupted transfer network 18377 | -4/Extension | Discovered new exit (range 10) 18378 | -4/Extension | Discovered new exit (range 6) 18383 | -4/Extension | Identified exit to Cetus 18402 | -4/Extension | Lost 9 allies 18457 | -4/Extension | Lost 3 allies 18485 | -4/Extension | Entered Cetus 18485 | -4/Cetus | Accompanied by 1 ally 18499 | -4/Cetus | Spotted Cetus Guard 18499 | -4/Cetus | Spotted Cetus Guard 18499 | -4/Cetus | Spotted Cetus Guard 18499 | -4/Cetus | Spotted Cetus Guard 18516 | -4/Cetus | Destroyed Cetus Guard 18522 | -4/Cetus | Destroyed Cetus Guard 18525 | -4/Cetus | Destroyed Cetus Guard 18535 | -4/Cetus | Allies destroyed Cetus Guard 18561 | -4/Cetus | Lost 3 parts (2n1u) 18624 | -4/Cetus | Cetus Manufacturing Module disabled 18662 | -4/Cetus | Discovered new exit (range 22) 18711 | -4/Cetus | Spotted Cetus Guard 18711 | -4/Cetus | Spotted Cetus Guard 18714 | -4/Cetus | Spotted Cetus Guard 18715 | -4/Cetus | Spotted Cetus Guard 18731 | -4/Cetus | Allies destroyed Cetus Guard 18732 | -4/Cetus | Destroyed Cetus Guard 18735 | -4/Cetus | Destroyed Cetus Guard 18756 | -4/Cetus | Destroyed Cetus Guard 18772 | -4/Cetus | Discovered new exit (range 22) 18797 | -4/Cetus | Met Revision 17 18855 | -4/Cetus | Build established: Scavenger-Mutant 18881 | -4/Cetus | Identified exit to Archives 18888 | -4/Cetus | Entered Archives 18888 | -4/Archives | Accompanied by 1 ally 18989 | -4/Archives | Discovered new exit (range 22) 19104 | -4/Archives | Discovered new exit (range 21) 19112 | -4/Archives | Discovered new exit (range 23) 19515 | -4/Archives | Identified exit to Hub_04(d) 23991 | -4/Archives | Entered Hub_04(d) 24010 | -4/Hub_04(d) | Identified exit to Research 24042 | -4/Hub_04(d) | Spotted B-86 Titan 24469 | -4/Hub_04(d) | Garrison activated, responded to threat 24532 | -4/Hub_04(d) | Destroyed 11 combat bots 24961 | -4/Hub_04(d) | Found Quantum Capacitor 24994 | -4/Hub_04(d) | Garrison activated, responded to threat 25027 | -4/Hub_04(d) | Lost 4 parts (1p1n2u) 25135 | -4/Hub_04(d) | Core integrity fell below 50% 25160 | -4/Hub_04(d) | Destroyed 7 combat bots 25391 | -4/Hub_04(d) | Network Hub disabled 25631 | -4/Hub_04(d) | Garrison activated, responded to threat 25698 | -4/Hub_04(d) | Network Hub disabled 25711 | -4/Hub_04(d) | Found Quantum Capacitor 25741 | -4/Hub_04(d) | First assault squad dispatched 25810 | -4/Hub_04(d) | Spotted Lightning 25817 | -4/Hub_04(d) | Network Hub disabled 25821 | -4/Hub_04(d) | Spotted Lightning 25821 | -4/Hub_04(d) | Spotted Lightning 25841 | -4/Hub_04(d) | Destroyed Lightning 25845 | -4/Hub_04(d) | Entered Research 25845 | -3/Research | Evolved 2 slots: Propulsion x1, Weapon x1 26035 | -3/Research | Fabricated Gui. Micro-nuke Launcher (x1) 26070 | -3/Research | Fabricated Hvy. Armored Exoskeleton? 26095 | -3/Research | First assault squad dispatched 26367 | -3/Research | Lost 9 parts (2p2n3u2w) 26532 | -3/Research | Build established: Scavenger-Gunner 26834 | -3/Research | Identified exit to Research 27150 | -3/Research | Lost 5 parts (2p2n1w) 27155 | -3/Research | Identified exit to Quarantine 27283 | -3/Research | Fabricated Enh. Quantum Rifle? 27326 | -3/Research | Spotted B-86 Titan 27346 | -3/Research | Central database locked down 27351 | -3/Research | Entered Quarantine 27353 | -3/Quarantine | Identified exit to Garrison 27362 | -3/Quarantine | Found Alien Slashing Weapon 27362 | -3/Quarantine | Identified Sigix Broadsword 27421 | -3/Quarantine | Build established: Scavenger-Scout 27570 | -3/Quarantine | Found Alien Reactor 27657 | -3/Quarantine | Unchained authorized (6S-H0T) 27662 | -3/Quarantine | Discovered exit to Research (range 16) 27755 | -3/Quarantine | Destroyed 6S-H0T 27852 | -3/Quarantine | Found Alien Artifact 27855 | -3/Quarantine | Identified Phase Armor 27986 | -3/Quarantine | Found Prototype Launcher 27986 | -3/Quarantine | Identified Tactical Quantum Warhead 28004 | -3/Quarantine | Found Alien Artifact 28085 | -3/Quarantine | Identified Matter Drive 28187 | -3/Quarantine | Found Alien Energy Cannon 28189 | -3/Quarantine | Identified Core Cannon 28217 | -3/Quarantine | Central database locked down 28217 | -3/Quarantine | Identified Terrabomb 28233 | -3/Quarantine | Found Alien Artifact 28290 | -3/Quarantine | Found Alien Artifact 28316 | -3/Quarantine | Identified Subatomic Replicator 28326 | -3/Quarantine | Entered Research 28326 | -2/Research | Evolved 2 slots: Propulsion x1, Weapon x1 28447 | -2/Research | Identified exit to Testing 28507 | -2/Research | Repaired Exp. Propulsion Shielding? 28576 | -2/Research | Search patrols dispatched 29024 | -2/Research | Entered Testing 29073 | -2/Testing | Spotted Striker 29073 | -2/Testing | Spotted Striker 29096 | -2/Testing | Rewired PD-YKJQWK336E 29121 | -2/Testing | Found Prototype Energy Cannon 29121 | -2/Testing | Identified Potential Cannon 29156 | -2/Testing | Found Prototype Device 29156 | -2/Testing | Identified Exp. EM Shield 29182 | -2/Testing | Found Prototype Device 29182 | -2/Testing | Identified Exp. Shield Generator 29211 | -2/Testing | Fabricated Femtoactuators? 29380 | -2/Testing | Found Prototype Hackware 29387 | -2/Testing | Identified Ghost Barrier 29403 | -2/Testing | Found Prototype Leg 29403 | -2/Testing | Identified Myomer Exoskeleton 29436 | -2/Testing | Discovered new exit (range 6) 29438 | -2/Testing | Identified exit to Access 29524 | -2/Testing | First assault squad dispatched 29524 | -2/Testing | Found Prototype Ballistic Gun 29524 | -2/Testing | Identified Hyp. Multirail 29582 | -2/Testing | Spotted Fortress 29615 | -2/Testing | Discovered new exit (range 5) 29615 | -2/Testing | Discovered new exit (range 6) 29616 | -2/Testing | Identified exit to Section 7 29617 | -2/Testing | Identified exit to Protoforge 29618 | -2/Testing | Entered Protoforge 29619 | -2/Protoforge | Superfortress began startup sequence 29737 | -2/Protoforge | Spotted Hotshot 29737 | -2/Protoforge | Spotted Hotshot 29739 | -2/Protoforge | Spotted Hotshot 29739 | -2/Protoforge | Spotted Hotshot 29753 | -2/Protoforge | Spotted B-90 Cyclops 29771 | -2/Protoforge | Spotted Hotshot 29771 | -2/Protoforge | Spotted Hotshot 29771 | -2/Protoforge | Spotted Hotshot 29772 | -2/Protoforge | Spotted Hotshot 29789 | -2/Protoforge | Discovered exit to Access (range 30) 29834 | -2/Protoforge | Found Prototype Device 29834 | -2/Protoforge | Identified Cep. Recoil Nullifier 29847 | -2/Protoforge | Found Prototype Slashing Weapon 29847 | -2/Protoforge | Identified Exp. Terror Saw 29857 | -2/Protoforge | Found Prototype Protection 29858 | -2/Protoforge | Identified Cep. Core Shell 29873 | -2/Protoforge | Additional patrols dispatched to research labs 29880 | -2/Protoforge | Crushed by falling debris 29881 | -2/Protoforge | System corruption reached 10% 29883 | -2/Protoforge | Crushed by falling debris 29898 | -2/Protoforge | Found Prototype Device 29910 | -2/Protoforge | Spotted Decapitator 29911 | -2/Protoforge | Lost 3 parts (1p1n1u) 29911 | -2/Protoforge | Spotted Decapitator 29912 | -2/Protoforge | Spotted Decapitator 29973 | -2/Protoforge | Garrison activated, responded to threat 29974 | -2/Protoforge | Spotted Hotshot 29974 | -2/Protoforge | Spotted Hotshot 29976 | -2/Protoforge | Spotted Hotshot 29981 | -2/Protoforge | Spotted Hotshot 29982 | -2/Protoforge | Allies destroyed Hotshot 29983 | -2/Protoforge | Destroyed Hotshot 29985 | -2/Protoforge | Allies destroyed Hotshot 29992 | -2/Protoforge | Allies destroyed Hotshot 30002 | -2/Protoforge | Master 9d assimilated hostile Hotshot 30009 | -2/Protoforge | Allies destroyed Hotshot 30010 | -2/Protoforge | Allies destroyed Hotshot 30024 | -2/Protoforge | Spotted Immortal 30024 | -2/Protoforge | Spotted Immortal 30036 | -2/Protoforge | Destroyed Decapitator 30036 | -2/Protoforge | Allies destroyed Decapitator 30039 | -2/Protoforge | Found Exp. Terror Saw 30058 | -2/Protoforge | Destroyed Decapitator 30082 | -2/Protoforge | Found Prototype Device 30082 | -2/Protoforge | Identified Cep. Matter Streamer 30085 | -2/Protoforge | Found Cep. NT7 Matterbank 30092 | -2/Protoforge | Found Cep. Chromion Battery 30094 | -2/Protoforge | Spotted V965-h 30097 | -2/Protoforge | Destroyed V965-h 30102 | -2/Protoforge | Found Prototype Energy Gun 30102 | -2/Protoforge | Identified Enh. Gamma Rifle 30109 | -2/Protoforge | Found Prototype Protection 30109 | -2/Protoforge | Identified Med. Regenerative Plating 30111 | -2/Protoforge | Found Prototype Processor 30112 | -2/Protoforge | Identified Exp. Target Analyzer 30115 | -2/Protoforge | Found Prototype Device 30115 | -2/Protoforge | Identified Exp. Weapon Cycler 30118 | -2/Protoforge | First assault squad dispatched 30120 | -2/Protoforge | Found Exp. EM Shield 30132 | -2/Protoforge | Found Cep. Antigrav Storage Unit 30134 | -2/Protoforge | Found Cep. Chromion Battery 30203 | -2/Protoforge | Destroyed Immortal 30213 | -2/Protoforge | Destroyed Immortal 30267 | -2/Protoforge | Found Cep. Combat Aerolev Unit 30270 | -2/Protoforge | Found Cep. Combat Aerolev Unit 30288 | -2/Protoforge | Identified Crosscalibrator 30465 | -2/Protoforge | Found Prototype Device 30465 | -2/Protoforge | Identified Exp. Active Sensor Suite 30479 | -2/Protoforge | Spotted V467-y 30479 | -2/Protoforge | Spotted V848-e 30479 | -2/Protoforge | Spotted V083-z 30621 | -2/Protoforge | Spotted V880-i 30621 | -2/Protoforge | Spotted V633-x 30638 | -2/Protoforge | Spotted Decapitator 30647 | -2/Protoforge | Destroyed Decapitator 30650 | -2/Protoforge | Destroyed V880-i 30685 | -2/Protoforge | Build established: Scavenger-Gladiator 30694 | -2/Protoforge | Destroyed V633-x 30725 | -2/Protoforge | Found Exp. Core Analyzer 30741 | -2/Protoforge | Found Cep. Melee Reflex Suite 30744 | -2/Protoforge | Found Prototype Device 30744 | -2/Protoforge | Identified Cep. Antimissile System 30747 | -2/Protoforge | Found Prototype Device 30747 | -2/Protoforge | Identified Exp. EM Disruption Field 30807 | -2/Protoforge | Found Cep. Zero-point Core 30825 | -2/Protoforge | Found Faulty Cep. Zero-point Core 30863 | -2/Protoforge | Found Exp. Terror Saw 30869 | -2/Protoforge | Found Centrium Heavy Armor Plating 30946 | -2/Protoforge | Spotted V735-h 30946 | -2/Protoforge | Spotted V608-y 30968 | -2/Protoforge | Found Prototype Device 30968 | -2/Protoforge | Identified Cep. Phase Shift Module 30974 | -2/Protoforge | Found Cep. Core Shell 31026 | -2/Protoforge | Found Cep. Projectile Intercept Suite 31092 | -2/Protoforge | Spotted Decapitator 31092 | -2/Protoforge | Spotted Decapitator 31092 | -2/Protoforge | Spotted Decapitator 31105 | -2/Protoforge | Destroyed Decapitator 31107 | -2/Protoforge | Destroyed Decapitator 31117 | -2/Protoforge | Destroyed Decapitator 31158 | -2/Protoforge | Found Cep. Plasma Driver 31161 | -2/Protoforge | Found Faulty Cep. Plasma Driver 31181 | -2/Protoforge | Found Exp. Jetlance 31186 | -2/Protoforge | Found Exp. Jetlance 31188 | -2/Protoforge | Found Faulty Cep. Deflector Sword 31199 | -2/Protoforge | Found Cep. Deflector Sword 31210 | -2/Protoforge | Found Cep. Disintegration Ray 31216 | -2/Protoforge | Found Faulty Exp. Jetlance 31409 | -2/Protoforge | Spotted Immortal 31409 | -2/Protoforge | Spotted Immortal 31497 | -2/Protoforge | Found Prototype Device 31519 | -2/Protoforge | Found Femtoactuators 31533 | -2/Protoforge | Identified Cep. Weapon Articulator 31559 | -2/Protoforge | Found Prototype Device 31559 | -2/Protoforge | Identified Mni. Quantum Capacitor 31680 | -2/Protoforge | Found Faulty Cep. Smart ZDS 31683 | -2/Protoforge | Found Cep. Arcsight Missile Launcher 31734 | -2/Protoforge | Spotted AP7-3 31745 | -2/Protoforge | Destroyed AP7-3 31818 | -2/Protoforge | Spotted AP7-3 31829 | -2/Protoforge | Destroyed AP7-3 31869 | -2/Protoforge | Found Faulty Cep. Core Analysis Suite 31874 | -2/Protoforge | Found Faulty Cep. Core Analysis Suite 31881 | -2/Protoforge | Found Cld. Directed Potential Cannon 31883 | -2/Protoforge | Found Cep. Cloak Mesh 31887 | -2/Protoforge | Found Faulty Cep. Cloak Mesh 31895 | -2/Protoforge | Found Cep. Thermoelectric Network 32029 | -2/Protoforge | Found Alien Artifact 32029 | -2/Protoforge | Identified Cep. Nanofilaments [Polyglass] 32029 | -2/Protoforge | Installed Cep. Nanofilaments [Polyglass], 3 resistances modified: KI -10%, TH +20%, EX -50% 32047 | -2/Protoforge | Used Subatomic Replicator to create Prototype Device 32054 | -2/Protoforge | Found Transdimensional Reconstructor 32062 | -2/Protoforge | Identified Supercharged Navigation Harness 32266 | -2/Protoforge | Found Exp. Terror Saw 32358 | -2/Protoforge | Found Prototype Hover Unit 32358 | -2/Protoforge | Identified Cep. Gyrokinetic System 32365 | -2/Protoforge | Found Cep. Combat Aerolev Unit 32375 | -2/Protoforge | Found Cep. Gyrokinetic System 32411 | -2/Protoforge | Found Cep. Antigrav Storage Unit 32416 | -2/Protoforge | Found Cep. Network Penetrator 32535 | -2/Protoforge | Entered Access 32535 | -1/Access | Evolved 2 slots: Utility x2 32671 | -1/Access | Spotted B-99 Colossus 32743 | -1/Access | Identified exit to Surface 32756 | -1/Access | Identified exit to Command 32785 | -1/Access | First assault squad dispatched 32829 | -1/Access | Unchained authorized (QV-33N) 32839 | -1/Access | Build established: Hacker-Gladiator 32846 | -1/Access | Fabricated Triangulator? 32987 | -1/Access | Lost 6 parts (2p1n2u1w) 33218 | -1/Access | Lost 4 parts (2n1u1w) 33389 | -1/Access | Found Exp. EM Shield 33483 | -1/Access | Build established: Scavenger-Gladiator 33524 | -1/Access | Lost 3 parts (2n1w) 33532 | -1/Access | Found Prototype Device 33537 | -1/Access | Destroyed QV-33N 33544 | -1/Access | Identified Exp. Phase Shifter 33681 | -1/Access | Entered Command 33768 | -1/Command | Destroyed 7 combat bots 33807 | -1/Command | Build established: Gladiator 33931 | -1/Command | First assault squad dispatched 33962 | -1/Command | Spotted B-99 Colossus 33986 | -1/Command | Spotted M Guard 33986 | -1/Command | Spotted M Guard 33986 | -1/Command | Spotted Combat Programmer 33988 | -1/Command | Destroyed Combat Programmer 33989 | -1/Command | Spotted Combat Programmer 34004 | -1/Command | Destroyed Combat Programmer 34008 | -1/Command | Destroyed M Guard 34010 | -1/Command | Destroyed M Guard 34010 | -1/Command | All MAIN.C guards destroyed 34079 | -1/Command | Met MAIN.C 34089 | -1/Command | 0b10 Conduit disabled 34105 | -1/Command | Destroyed MAIN.C Shell 34106 | -1/Command | MAIN.C activated Command garrisons 34125 | -1/Command | Destroyed MAIN.C 34129 | -1/Command | Found Prototype Protection 34129 | -1/Command | Identified Exp. Powered Armor 34138 | -1/Command | Discovered exit to Surface (range 35) 34138 | -1/Command | Discovered exit to Surface (range 100) 34138 | -1/Command | Extracted map data and part IDs from MAIN.C's data core 34143 | -1/Command | Found Omega Cannon 34148 | -1/Command | Found Zero-point Reactor 34150 | -1/Command | Lost 6 parts (1p2n3u) 34236 | -1/Command | Build established: Scavenger-Gladiator 34271 | -1/Command | Found Exp. System Purifier 35278 | -1/Command | Found Prototype Device 35278 | -1/Command | Identified Exp. Thermal Shield 36026 | -1/Command | Found Zero-point Reactor 36303 | -1/Command | Build established: Scavenger-Gunner 36555 | -1/Command | Warped through subspace to slip node 36555 | -1/Command | Discovered new exit (range 4) 36556 | -1/Command | Core integrity fell below 50% 36562 | -1/Command | Entered Access_0 36564 | -1/Access_0 | Met Architect 36565 | -1/Access_0 | Destroyed A8 36569 | -1/Access_0 | Architect warped through subspace 36601 | -1/Access_0 | Architect warped through subspace 36606 | -1/Access_0 | Found Core Expander 36606 | -1/Access_0 | Installed Core Expander, added new Utility slot 36631 | -1/Access_0 | Architect warped through subspace 36657 | -1/Access_0 | Architect warped through subspace 36669 | -1/Access_0 | Found Sigix Broadsword 36684 | -1/Access_0 | A6 warped into view 36686 | -1/Access_0 | Lost 3 parts (1n2u) 36691 | -1/Access_0 | Destroyed A6 36708 | -1/Access_0 | Architect warped through subspace 36716 | -1/Access_0 | Found Spectral Analyzer 36737 | -1/Access_0 | Lost 3 parts (3u) 36751 | -1/Access_0 | Architect warped through subspace 36769 | -1/Access_0 | Subspace Access Node disabled 36793 | -1/Access_0 | Architect warped through subspace 36831 | -1/Access_0 | Architect warped through subspace 36848 | -1/Access_0 | Subspace Access Node disabled 36849 | -1/Access_0 | Build established: Scavenger-Gladiator 36867 | -1/Access_0 | Architect warped through subspace 36885 | -1/Access_0 | Found Prototype Device 36885 | -1/Access_0 | Identified Desublimator 36900 | -1/Access_0 | Architect warped through subspace 36912 | -1/Access_0 | Lost 3 parts (2u1w) 36942 | -1/Access_0 | Core integrity fell below 20% 36961 | -1/Access_0 | Destroyed A2 36968 | -1/Access_0 | Architect warped through subspace 36973 | -1/Access_0 | Extracted Singularity Gate Test 138-C access codes from A2's data core 36989 | -1/Access_0 | A5 warped into view 37000 | -1/Access_0 | Destroyed A5 37007 | -1/Access_0 | Architect warped through subspace 37061 | -1/Access_0 | Destroyed by Enhanced Grunt with Neutron Cannon Last Messages --------------- 37006_ Plasma Slug penetrates Architect. Architect warps through subspace. 37011_ Acquired Antigrav Array. 37012_ Acquired 20 matter. 37014_ Acquired Exp. Core Shielding. 37015_ Acquired 10 matter. 37022_ Imp. Antigrav System+ destroyed. 37022_ Cmb. Antigrav System+ destroyed. 37022_ Dropped Exp. Actuator Array. 37039_ Femtoactuators destroyed. 37039_ Cep. Plasma Driver destroyed. 37044_ Quantum Shear penetrates Wall. 37052_ Penetrated by Quantum Shear. 37052_ Cep. Deflector Sword destroyed. 37055_ Quantum Shear penetrates Wall. 37055_ Penetrated by Quantum Shear. 37055_ Cep. Core Analysis Suite destroyed. 37057_ Penetrated by Quantum Shear. 37059_ Antigrav Array destroyed. 37060_ Dropped Cep. Zero-point Core. Map ----- +----------------------------------------------------+ | ????????????????????# " " ######" #?#??? | | ????????????????????# # ##### #??? | | ????????????????????# # # # " #??# #??? | | ????????????????????# " ## "### #??? | | ????????????????????# ## #??? | | ????????????????????# # ####""" "#####?# | | ????????????????????# # #???#### ""##"### | | ????????????????????# " #??????## "#"" "" | | ????????????????????# # #???????## """ | | ????????????????????# # #??????#### | | ????????????????????# " #??????#" "" | | ???????????????????## " ### ##### ##" | | ???????????????????# ###? #??####"" "" | | ???????????????????# ### #?????###"##" | | ??????????????????## #???????#### | | ??????????????????# # #??????# | | ??????????????##??# #? # #?????# # | | ??????????????# ?# ### # #???????# #? | | ???????????????# ## #???#??????# #?? | | ??????????????## #" ##"## ####??????????##??? | | ??????????????#g ##" #?##? #?????????????????? | | ??????????????# g ;;; #?????#?????????????????? | | ??????????????#g #???????????????????????? | | ??????????????## *#???????????????????????? | | ???????????????# ## ######???????????????? | | ???????????????#### @ #???????????????? | | ??????????????????# #???????????????? | | ??????????????????## ;# #???????????????? | | ???????????????????## ####?????????????????? | | ????????????????????# ####????????????????????? | | ????????????????????# #???????????????????????? | | ????????????????????# #???????????????????????? | | ????????????????????# #???????????????????????? | | ????????????????????# #???????????????????????? | | ????????????????????# #???????????????????????? | | ????????????????????# #???????????????????????? | | ???????????????????? #???????????????????????? | | ???????????????????? ????????????????????????" | | ????????????????????###???????????????????????#" | | ??????????????????????????????????????????????# | | ??????????????????????????????????????????????#" | | ???????????????????????????????????????????????? | | ???????????????????????????????????????????????? | | ???????????????????????????????????????????????? | | ???????????????????????????????????????????????? | | ???????????????????????????????????????????????? | | ???????????????????????????????????????????????? | | ???????????????????????????????????????????????? | | ???????????????????????????????????????????????? | | ???????????????????????????????????????????????? | +----------------------------------------------------+ Best States ------------- Heat Dissipation 121 Coolant Potential 100 Energy Generation 57 Energy Capacity 1290 Matter Stores 800 Matter Capacity 800 Sight Range 24 Robot Scan Range 20 Terrain Scan Range 20 Terrain Scan Density 10 Jamming Range 16 Cloak Strength 9 Additional Mass Support 9 Base Temperature (-) 150 Corruption Containment 12 Corruption Block 20 Armor Coverage 900 Resistance: TH 50 Resistance: EM 75 Core Shielding 90 Propulsion Shielding 90 Utility Shielding 66 Weapon Shielding 90 Projectile Deflection 15 Weapon Cycling 30 Melee Speed Boost 50 Phase Shifting 20 Evasion (%) 91 Targeting Accuracy 30 Core Analysis 16 Armor Integrity Analysis 30 Recoil Reduction 5 Matter Filtering 30 Force Boost 20 Offensive Hacking 50 Defensive Hacking 14 Relay Coupler Types 5 Relay Coupler Value 121 Authchip Count 1 Item Schematics ----------------- Huge Storage Unit | -10/Materials | Hacked Imp. Flight Unit | -9/Materials | Scanalyzed Exp. Sensor Array | -9/Materials | Scanalyzed Drone Bay | -7/Zion | Archive Hvy. Laser | -7/Zion | Archive Med. Reactive Plating | -7/Zion | Archive Proton Cannon | -7/Zion | Archive Hyp. Coil Gun | -7/Zion | Archive Gauss Rifle | -7/Zion | Archive Adv. Heat Sink | -7/Zion | Archive Component Analysis Suite | -7/Zion | Archive Adv. ECM Suite | -7/Zion | Archive Lgt. Angular Momentum Engine | -7/Zion | Archive Corruption Screen | -7/Zion | Archive System Restoration Module | -7/Zion | Archive Imp. Shock Absorption System | -7/Zion | Archive Adv. Signal Interpreter | -6/Factory | Hacked Hvy. Armored Exoskeleton | -5/Factory | Scanalyzed Helical Railgun | -3/Research | Scanalyzed Centrium Medium Armor Plating | -3/Research | Scanalyzed Hcp. Storage Unit | -3/Research | Scanalyzed Microactuators | -3/Research | Scanalyzed Graphene Brace | -3/Research | Scanalyzed Hardcell Cannon | -3/Research | Extracted Nanoactuators | -3/Research | Extracted Prc. Energy Filter | -3/Quarantine | Archive Tiamat Missile Launcher | -3/Quarantine | Archive Gravity Neutralizer | -3/Quarantine | Archive Cld. Phase Gun | -3/Quarantine | Archive Coolant Network | -3/Quarantine | Archive Adv. Energy Well | -3/Quarantine | Archive Adv. Myomer Leg | -3/Quarantine | Archive Exp. Cooling System | -3/Quarantine | Archive Hvy. Dispersion Rifle | -3/Quarantine | Archive Spectral Analyzer | -3/Quarantine | Archive Femtoactuators | -2/Research | Downloaded Com. Linear Accelerator | -2/Testing | Archive Exp. Flexi-carbon Leg | -2/Testing | Archive Com. Mass Driver | -2/Testing | Archive Hvy. Tesla Rifle | -2/Testing | Archive Tesla Bomb Launcher | -2/Testing | Archive Adv. Remote Shield | -2/Protoforge | Archive Exp. Energy Well | -2/Protoforge | Archive Exp. Focal Shield | -2/Protoforge | Archive Tactical Quantum Warhead | -2/Protoforge | Archive Exp. Target Analyzer | -2/Protoforge | Archive Triangulator | -1/Access | Hacked Robot Schematics ------------------ M-13 Machinist | -10/Materials | Hacked A-02 Transporter | -7/Zion | Archive L-41 Fighter | -7/Zion | Archive T-07 Excavator | -7/Zion | Archive Y-72 Warden | -7/Zion | Archive R-10 Processor | -2/Testing | Archive Fabricated ------------ Corruption Screen | x2 | -5/Factory Hvy. Armored Exoskeleton | x1 | -5/Factory | Authchip H-77 Assassin | x2 | -4/Factory | Preloaded Huge Storage Unit | x1 | -4/Factory | Authchip Gui. Micro-nuke Launcher | x1 | -3/Research | Preloaded Hvy. Armored Exoskeleton | x1 | -3/Research Femtoactuators | x1 | -2/Testing | Authchip Triangulator | x2 | -1/Access Repaired ---------- Imp. Heat Sink | 15% | -9/Materials Arm. Huge Wheel | 13% | -6/Factory Hvy. Armored Exoskeleton | 67% | -5/Factory Hyp. Coil Gun | 54% | -5/Factory Exp. Propulsion Shielding | 46% | -2/Research Studied --------- Antimatter Reactor | -5/Factory | Hacked Hvy. Armored Exoskeleton | -4/Factory | Hacked Com. HERF Cannon | -3/Research | Hacked Lgt. Antimatter Reactor | -3/Research | Hacked Imp. Surge Thruster | -3/Research | Hacked Imp. Remote Datajack | -3/Research | Hacked Mic. Antimatter Reactor | -3/Research | Hacked Imp. Linear Gravjet | -3/Quarantine | Hacked Cmb. Antigrav System | -2/Testing | Hacked Imp. Antigrav System | -1/Access | Hacked Alien Tech Used ----------------- Sigix Broadsword Phase Armor Matter Drive Core Cannon Concept Nanofilaments [Polyglass] Subatomic Replicator Transdimensional Reconstructor Core Expander Achievements -------------- Martial Artist Zeroed Repercussions Challenges ------------ None Game ------ Seed BackupSpikedCoupler Manual? 0 Play Time 14:17:44 Cumulative 1068.0 hours Start 2025.11.10 @ 09:36:14 End 2025.11.15 @ 05:35:10 Sessions 25 Manual Loads 0 Difficulty Rogue Special Mode None Game No. 381 Rogue 376 Adventurer 4 Explorer 1 Win Type - Total 23 Types 13/3/1/2/0/1/0/0/2/1 Lore% 96 Gallery% 94 Achievement% 80 Wizard Run 0 Options --------- Layout 0 ASCII 0 Keyboard 0 Movement Numpad Keybinds 0 Fullscreen 2 Font 18/SmallcapsGlow Map View 76x50 Zoom Use 2% Tactical HUD 1 Map Filters NONE Filters NONE Steam 1 RUN: f33afcfc-55fd-4e69-938c-b1f4107f9afc